 Dungeon Crawl Stone Soup version 0.31-a0-1027-gfb7600b (webtiles) character file.

Game seed: 8007072883526546765

20749475 PurpleRed the Archmage (level 27, 199/199 HPs)
             Began as a Deep Elf Artificer on Nov 16, 2023.
             Was the Champion of Vehumet.
             Escaped with the Orb
             ... and 15 runes on Nov 17, 2023!
             The game lasted 06:19:59 (73740 turns).

PurpleRed the Archmage (Deep Elf Artificer)        Turns: 73740, Time: 06:20:00

Health: 199/199    AC: 18    Str:  9    XL:     27
Magic:  83/83      EV: 31    Int: 55    God:    Vehumet [******]
Gold:   7383       SH:  8    Dex: 21    Spells: 4/80 levels left

rFire   + + .        a - staff of conjuration
rCold   + + +        P - +1 buckler of the Slug {Drain rPois Will+ MP+9}
rNeg    + + +        R - +3 troll leather armour {Snorg}
rPois   ∞            F - +2 helmet {Int+3}
rElec   +            W - scarf "Zeyxuumn" {rC+ rF+, Harm Dex+6}
rCorr   .            L - +2 pair of gloves of Altruism {Str+4}
SInv    +            A - +2 pair of boots {Stlth+}
Will    ++++.        G - amulet of the Byakko {RegenMP *Slow rElec Int+4 SInv}
Stlth   ++++         Y - ring of Ruuhower {rN+ MP+9 Str-4 Int+4 SInv}
HPRegen 1.33/turn    g - ring of Vyudd {*Slow rElec rF+ MP+9 Int+5}
MPRegen 0.88/turn

%: slow self (2%), harm (+30% outgoing, +20% incoming)
@: death-form, studying Staves
A: vile attack, torment immunity, no potions, cold resistance 1, sense
surroundings 1
0: Orb of Zot
}: 15/15 runes: barnacled, slimy, silver, golden, iron, obsidian, icy, bone,
abyssal, demonic, glowing, magical, fiery, dark, gossamer
a: Siphon Essence, Begin Untransformation, Renounce Religion


You escaped.
You worshipped Vehumet.
Vehumet was exalted by your worship.
You were an undying horror.
You visited 18 branches of the dungeon, and saw 88 of its levels.
You visited Pandemonium 1 time, and saw 13 of its levels.
You visited the Abyss 3 times.
You visited 1 bazaar.
You completed 1 ziggurat, and saw 27 of its levels.
You also visited: Gauntlet and Volcano.

You collected 12965 gold pieces.
You spent 5582 gold pieces at shops.

Inventory:

Hand Weapons
 u - a +9 quick blade of flaming
 K - the +5 woodcutter's axe
   (You took it off a gnoll on level 5 of the Dungeon)
Missiles
 E - 3 curare-tipped darts
Armour
 e - a +3 buckler of fire resistance
 p - a +2 cloak of stealth
 A - a +2 pair of boots of stealth (worn)
 C - the +1 acid dragon scales of Pearipif {rCorr Int+8 Dex-2}
   (You found it on level 21 of a ziggurat)

   Int+8:     It affects your intelligence (+8).
   Dex-2:     It affects your dexterity (-2).
   rCorr:     It protects you from acid and corrosion.
 F - a +2 helmet of intelligence (worn)
 L - the +2 pair of gloves of Altruism (worn) {Str+4}
   (You found it on level 4 of the Spider Nest)

   Str+4:     It affects your strength (+4).
 M - the +7 shadow dragon scales of Ozxarphini {Int+5 Stlth++++}
   (You found it on level 17 of a ziggurat)

   Int+5:     It affects your intelligence (+5).
   Stlth++++: It makes you much more stealthy.
 P - the +1 buckler of the Slug (worn) {Drain rPois Will+ MP+9}
   (You found it on level 24 of a ziggurat)

   rPois:     It protects you from poison Will+: It increases your willpower.
   MP+9:      It affects your magic capacity (+9).
   Drain:     It drains your maximum health when unequipped.
 R - a +3 troll leather armour (worn) {Snorg}
 W - the scarf "Zeyxuumn" (worn) {rC+ rF+, Harm Dex+6}
   (You found it on level 3 of the Tomb of the Ancients)

   Dex+6:     It affects your dexterity (+6).
   Harm:      It increases damage dealt and taken.
Magical Staves
 a - a staff of conjuration (weapon)
 b - the staff of Hokyinny {rC+ Earth}
   (You found it on level 5 of the Vaults)

   [staff of earth]

   Base accuracy: +5 Base damage: 5 Base attack delay: 1.2 This weapon's minimum
   attack delay (0.6) is reached at skill level 12.
   rC+:       It protects you from cold.
   Earth:     It increases the power of your Earth spells.
   It falls into the 'Staves' category.
   It is a one-handed weapon.
Jewellery
 c - the ring of Zuel {Str+3 Int+6}
   (You took it off a deep elf death mage on level 3 of the Elven Halls)

   [ring of intelligence]

   Str+3:     It affects your strength (+3).
   Int+6:     It affects your intelligence (+6).
 d - the ring of Gizideni {rF++ Str+2 Dex+6}
   (You acquired it in a bazaar)

   [ring of dexterity]

   Str+2:     It affects your strength (+2).
   Dex+6:     It affects your dexterity (+6).
   rF++:      It greatly protects you from fire.
 g - the ring of Vyudd (right hand) {*Slow rElec rF+ MP+9 Int+5}
   (You found it on level 27 of a ziggurat)

   [ring of magical power]

   Int+5:     It affects your intelligence (+5).
   rF+:       It protects you from fire.
   rElec:     It insulates you from electricity.
   MP+9:      It affects your magic capacity (+9).
   *Slow:     It may slow you when you take damage.
 m - the ring "Ihian Juklu" {Fire Int+3}
   (You found it on level 20 of a ziggurat)

   [ring of fire]

   Fire:      It enhances your fire magic.
   Int+3:     It affects your intelligence (+3).
   rF+:       It protects you from fire.
   rC-:       It makes you vulnerable to cold.
 t - a ring of flight
 G - the amulet of the Byakko (around neck) {RegenMP *Slow rElec Int+4 SInv}
   (You took it off a frost giant on level 3 of the Depths)

   [amulet of magic regeneration]

   RegenMP:   It increases your rate of magic regeneration.
   Int+4:     It affects your intelligence (+4).
   rElec:     It insulates you from electricity.
   SInv:      It lets you see invisible.
   *Slow:     It may slow you when you take damage.
 T - the ring "Sinoceapeph" {rElec rCorr Stlth+}
   (You found it on level 22 of a ziggurat)

   [ring of resist corrosion]

   rElec:     It insulates you from electricity.
   rCorr:     It protects you from acid and corrosion.
   Stlth+:    It makes you more stealthy.
 V - the ring "Panioh" {Will++ MP+9 Dex+4}
   (You found it on level 13 of a ziggurat)

   [ring of magical power]

   Dex+4:     It affects your dexterity (+4).
   Will++:    It greatly increases your willpower.
   MP+9:      It affects your magic capacity (+9).
 Y - the ring of Ruuhower (left hand) {rN+ MP+9 Str-4 Int+4 SInv}
   (You bought it in a shop on level 2 of the Elven Halls)

   [ring of magical power]

   Str-4:     It affects your strength (-4).
   Int+4:     It affects your intelligence (+4).
   rN+:       It protects you from negative energy.
   MP+9:      It affects your magic capacity (+9).
   SInv:      It lets you see invisible.
Talismans
 I - a storm talisman
 J - the death talisman of Biskuorch (active) {Int+8}
   (You found it on level 3 of the Elven Halls)

   [talisman of death]

   Int+8:     It affects your intelligence (+8).
Wands
 l - a wand of roots (115)
 w - a wand of light (77)
 B - a wand of digging (52)
Scrolls
 f - 18 scrolls of fog
 h - 8 scrolls of revelation
 o - 49 scrolls of teleportation
 v - 15 scrolls of blinking
 z - 3 scrolls of amnesia
 D - 9 scrolls of torment
 H - 9 scrolls of immolation
 O - 9 scrolls of butterflies
 Z - 5 scrolls of fear
Potions
 i - 18 potions of mutation
 j - 17 potions of magic
 k - 14 potions of heal wounds
 n - 3 potions of haste
 q - a potion of cancellation
 r - 41 potions of curing
 s - 6 potions of ambrosia
 x - a potion of brilliance
 y - 11 potions of enlightenment
 N - 6 potions of might
 Q - 4 potions of resistance
 S - a potion of invisibility
Miscellaneous
 U - a phantom mirror
 X - 2 +1 figurines of a ziggurat


   Skills:
 O Level 27 Fighting
 - Level 17.5 Short Blades
 - Level 14.0 Armour
 O Level 27 Dodging
 - Level 25.0 Stealth
 - Level 8.0 Shields
 + Level 17.7 Unarmed Combat
 O Level 27 Spellcasting
 - Level 22.0 Conjurations
 - Level 6.0 Necromancy
 - Level 22.0 Fire Magic
 - Level 21.0 Air Magic
 - Level 21.0 Earth Magic
 - Level 3.2 Evocations
 - Level 23.0 Shapeshifting


You had 4 spell levels left.
You knew the following spells:

 Your Spells              Type           Power      Damage    Failure   Level
a - Lehudib's Crystal Sp  Conj/Erth      84%        10d19     1%          8
b - Fire Storm            Conj/Fire      84%        8d21      1%          9
c - Orb of Destruction    Conj           84%        9d19      0%          7
d - Iskenderun's Mystic   Conj/Tloc      100%       2d19      0%          4
e - Fireball              Conj/Fire      84%        3d31      0%          5
f - Starburst             Conj/Fire      84%        6d21      0%          6
g - Chain Lightning       Conj/Air       84%        3d112     1%          9
h - Irradiate             Conj/Tmut      69%        3d34      1%          5
j - Swiftness             Air            100%       N/A       0%          3
l - Ignition              Fire           71%        3d19      1%          8
q - Apportation           Tloc           100%       N/A       1%          1
s - Shatter               Erth           70%        3d52*     1%          9
x - Sublimation of Blood  Necr           96%        N/A       1%          2

Your spell library contained the following spells:

 Spells                   Type           Power      Damage    Failure   Level
 Foxfire                  Conj/Fire      100%       2x1d9     0%          1
 Kiss of Death            Conj/Necr      100%       2d13      0%          1
 Magic Dart               Conj           100%       1d8       0%          1
 Necrotise                Necr           100%       1d9       0%          1
 Sandblast                Erth           100%       2d20      0%          1
 Shock                    Conj/Air       100%       1d9       0%          1
 Cigotuvi's Dreadful Rot  Necr/Pois/Air  100%       N/A       0%          2
 Momentum Strike          Conj/Tloc      100%       3d10      0%          2
 Passwall                 Tmut/Erth      94%        N/A       0%          2
 Poisonous Vapours        Pois/Air       100%       N/A       0%          2
 Scorch                   Fire           100%       2d9       0%          2
 Searing Ray              Conj           100%       2d8       0%          2
 Static Discharge         Conj/Air       100%       3-8/arc   0%          2
 Dazzling Flash           Conj/Hex       100%       N/A       0%          3
 Hailstorm                Conj/Ice       100%       3d20      0%          3
 Inner Flame              Hex/Fire       100%       N/A       0%          3
 Mephitic Cloud           Conj/Pois/Air  100%       N/A       0%          3
 Stone Arrow              Conj/Erth      100%       3d13      0%          3
 Volatile Blastmotes      Fire/Tloc      100%       2d18      0%          3
 Airstrike                Air            70%        2d(11-27) 0%          4
 Flame Wave               Conj/Fire      100%       2d21      0%          4
 Fulminant Prism          Conj/Hex       69%        3d27      0%          4
 Sticky Flame             Conj/Fire      100%       2d11      0%          4
 Freeze                   Ice            100%       1d10      1%          1
 Slow                     Hex            100%       N/A       1%          1
 Blink                    Tloc           100%       N/A       1%          2
 Call Imp                 Summ           100%       N/A       1%          2
 Ensorcelled Hibernation  Hex/Ice        100%       N/A       1%          2
 Jinxbite                 Hex            100%       N/A       1%          2
 Lesser Beckoning         Tloc           100%       N/A       1%          2
 Wereblood                Tmut           65%        N/A       1%          2
 Call Canine Familiar     Summ           65%        N/A       1%          3
 Confusing Touch          Hex            65%        N/A       1%          3
 Frozen Ramparts          Ice            100%       1d16      1%          3
 Gell's Gravitas          Tloc           65%        N/A       1%          3
 Ignite Poison            Fire/Tmut/Pois 100%       N/A       1%          3
 Ozocubu's Armour         Ice            65%        N/A       1%          3
 Sigil of Binding         Hex            65%        N/A       1%          3
 Teleport Other           Tloc           65%        N/A       1%          3
 Tukima's Dance           Hex            65%        N/A       1%          3
 Vampiric Draining        Necr           96%        2d12      1%          3
 Anguish                  Hex/Necr       41%        N/A       1%          4
 Animate Armour           Summ/Erth      100%       N/A       1%          4
 Animate Dead             Necr           96%        N/A       1%          4
 Cause Fear               Hex            32%        N/A       1%          4
 Dimensional Bullseye     Hex/Tloc       32%        N/A       1%          4
 Dispel Undead            Necr           96%        3d30      1%          4
 Leda's Liquefaction      Hex/Erth       56%        N/A       1%          4
 Manifold Assault         Tloc           65%        N/A       1%          4
 Olgreb's Toxic Radiance  Pois           65%        N/A       1%          4
 Passage of Golubria      Tloc           65%        N/A       1%          4
 Petrify                  Tmut/Erth      100%       N/A       1%          4
 Summon Ice Beast         Ice/Summ       65%        N/A       1%          4
 Summon Lightning Spire   Summ/Air       100%       N/A       1%          4
 Vhi's Electric Charge    Tloc/Air       100%       N/A       1%          4
 Arcjolt                  Conj/Air       84%        1d94      0%          5
 Freezing Cloud           Conj/Ice/Air   74%        6-21      0%          5
 Iskenderun's Battlesphe  Conj           100%       2d15      0%          5
 Lee's Rapid Deconstruct  Erth           70%        3d32*     0%          5
 Bombard                  Conj/Erth      84%        9d13      0%          6
 Conjure Ball Lightning   Conj/Air       84%        3x3d32    0%          6
 Plasma Beam              Fire/Air       71%        2x1d88    0%          6
 Agony                    Necr           96%        N/A       1%          5
 Borgnjor's Vile Clutch   Necr/Erth      61%        N/A       1%          5
 Silence                  Hex/Air        56%        N/A       1%          5
 Yara's Violent Unravell  Hex/Tmut       32%        3d13      1%          5
 Spellforged Servitor     Conj/Summ      69%        N/A       1%          7
 Maxwell's Capacitive Co  Air            70%        ∞         1%          8
 Death Channel            Necr           48%        N/A       2%          6
 Alistair's Intoxication  Tmut/Pois      43%        N/A       5%          5
 Metabolic Englaciation   Hex/Ice        32%        N/A       5%          5
 Summon Forest            Summ/Tloc      32%        N/A       5%          5
 Summon Mana Viper        Hex/Summ       65%        N/A       5%          5
 Eringya's Noxious Bog    Tmut/Pois      32%        4d6       8%          6
 Simulacrum               Ice/Necr       41%        N/A       9%          6
 Dispersal                Tloc           32%        N/A       28%         6
 Summon Cactus Giant      Summ           32%        N/A       28%         6
 Ozocubu's Refrigeration  Ice            32%        4d14      36%         7
 Haunt                    Necr/Summ      41%        N/A       43%         7
 Borgnjor's Revivificati  Necr           48%        N/A       71%         8
 Infestation              Necr           48%        N/A       71%         8
 Enfeeble                 Hex            32%        N/A       85%         7
 Monstrous Menagerie      Summ           32%        N/A       85%         7
 Summon Hydra             Summ           32%        N/A       85%         7
 Discord                  Hex            32%        N/A       100%        8
 Disjunction              Tloc           32%        N/A       100%        8
 Death's Door             Necr           48%        N/A       100%        9
 Polar Vortex             Ice            32%        12d4*     100%        9


Dungeon Overview and Level Annotations

Branches:
Dungeon (15/15)            Temple (1/1) D:4            Lair (5/5) D:9
 Shoals (4/4) Lair:3       Spider (4/4) Lair:2        Slime (5/5) Lair:4
    Orc (2/2) D:12            Elf (3/3) Orc:2        Vaults (5/5) D:14
  Crypt (3/3) Vaults:2       Tomb (3/3) Crypt:3      Depths (4/4) D:15
   Hell (visited)             Dis (7/7) Hell            Geh (7/7) Hell
    Coc (7/7) Hell            Tar (7/7) Hell            Zot (5/5) Depths:4
Volcano (visited)         Gauntlet (visited)

Altars:
Ashenzari
Cheibriados
Dithmenos
Elyvilon
Fedhas
Gozag
Hepliaklqana
Kikubaaqudgha
Makhleb
Nemelex Xobeh
Okawaru
Qazlal
Ru
Sif Muna
Trog
Uskayaw
Vehumet
Wu Jian
Xom
Yredelemnul
Zin
The Shining One
Jiyva

Shops:
D:11 (   Orc:2 *[(=   Elf:1 ?   Elf:2 ==:   Elf:3 [[   Shoals:1 ?   Vaults:2 =

Portals:
Hell: Depths:1 Depths:2 Depths:3 Depths:4
Abyss: Depths:3
Pandemonium: Depths:2

Annotations:
Elf:2 3 runed translucent doors
Crypt:2 2 transporters
Dis:4 5 runed doors


Innate Abilities, Weirdness & Mutations

You are an undying horror.
Your melee and unarmed attacks drain, slow and weaken victims.
You are immune to unholy pain and torment.
You cannot drink.
You are immune to poison.
Your flesh is cold resistant. (rC+)
You passively map a small area around you.


Message History

You climb upwards.
There is a stone staircase leading down here.
There is a stone staircase leading up here.
You climb upwards.
There is a stone staircase leading down here.
You see here a +0 leather armour.
There is a stone staircase leading up here.
You climb upwards.
There is a stone staircase leading down here.
There is a stone staircase leading up, spattered with blood here.
You climb upwards.
There is a stone staircase leading down here.
There is a stone staircase leading up here.
You climb upwards.
There is a stone staircase leading down here.
There is a stone staircase leading up here.
You climb upwards.
There is a stone staircase leading down here.
A chaos spawn comes into view.
Casting: Lehudib's Crystal Spear (mildly dangerous; 1% risk of failure)
Confirm with . or Enter, or press ? or * to list all spells.
Aiming: Lehudib's Crystal Spear (mildly dangerous; 1% risk of failure)
Press: ? - help, Shift-Dir - straight line, f - chaos spawn
Aim: a chaos spawn (83% to hit)
You feel a surge of power!
The crystal spear hits the chaos spawn!!!
You kill the chaos spawn!
Vehumet accepts your kill.
You feel your power returning.
The chaos spawn degenerates into a cloud of primal chaos!
What level of the Dungeon? (default 1, ? - help) Magic restored.
There is a stone staircase leading up here.
You climb upwards.
There is a stone staircase leading down here.
Casting: Lehudib's Crystal Spear (mildly dangerous; 1% risk of failure)
Confirm with . or Enter, or press ? or * to list all spells.
The dungeon rumbles!
Ka-crash!
There is a staircase leading out of the dungeon here.
You have escaped!

#...##.##.....##.#.#......#
#...##.###.##..#...........
#...##.##...#.####....#...#
####...##.###..#.####....#.#.#
#...........###....##....###.#
###.##...##.#.# ##.#..##.......#
#...##...##.#.# ##....#######.#
#.####...##...######.#..# ##...#
#.# ##########z.####..####..#..
#.# #...##..# ##...#...#.#
#.#########.#.###.######..#.##.#
#...........#.# #...###...####.#
#############.# #.......### #..
#.......#.....###.###.### ###
#.#####.#...####.###..#
#.#...#.#...##....#..##
#.#.#.#.#...#..##...##


There were no monsters in sight!

Vanquished Creatures
  Cerebov (Pan)
  Asmodeus (Geh:7)
  the Royal Jelly (Slime:5)
  Antaeus (Coc:7)
  Dissolution (Slime:5)
  Gloorx Vloq (Pan)
  the Serpent of Hell (Geh:7)
  Ignacio (Pan)
  Lom Lobon (Pan)
  Mnoleg (Pan)
  8 dread liches
  6 orbs of fire
  7 ancient liches
  5 juggernauts
  Mennas (Tomb:1)
  The ghost of Yxuenos the Conqueror, a legendary DsFi of Makhleb (Zig:11)
  Josephina (Zot:3)
  28 royal mummies
  9 Killer Klowns
  Boris (thrice) (Vaults:3 Tomb:1 Tomb:2)
  13 shard shrikes
  Xtahua (Crypt:3)
  Saint Roka (Depths:1)
  14 golden dragons
  17 caustic shrikes
  A curse toe (Zot:4)
  Geryon (Hell)
  Nikola (Shoals:3)
  9 profane servitors
  30 bone dragons
  The ghost of Xihuodghy the Slayer, an adept MiBe of Trog (Vaults:4)
  Norris (Depths:3)
  10 electric golems
  20 iron giants
  18 Tzitzimimeh
  16 Brimstone Fiends
  A spectral shard shrike (Tar:6)
  Rupert (Orc:2)
  22 tainted leviathans
  9 pandemonium lords
  17 doom hounds
  15 tentacled monstrosities
  Mlioglotl (Shoals:3)
  16 hellephants
  A walking earthen tome (Zig:22)
  23 Ice Fiends
  34 Hell Sentinels
  A walking frostbound tome (Depths:3)
  18 Orb Guardians
  22 liches
  11 deep elf blademasters
  11 deep elf master archers
  13 sphinxes
  23 titans
  A sphinx (shapeshifter) (Zig:7)
  A kraken (Shoals:2)
  12 quicksilver dragons
  36 acid blobs
  16 searing wretches
  37 ancient champions
  17 Executioners
  Polyphemus (Shoals:4)
  A walking divine tome (Depths:3)
  14 tentacled starspawn
  12 storm dragons
  9 tengu reavers
  8 shadow dragons
  An eldritch tentacle (Pan)
  2 death cobs (Zot:2)
  3 daevas
  Kirke (D:15)
  Donald (Elf:1)
  14 rockslimes
  9 draconian knights
  8 draconian monks
  8 revenants
  19 narguns
  2 fenstrider witches (Zig:16)
  2 demonspawn warmongers
  16 azure jellies
  A nagaraja (Zig:15)
  21 fire giants
  10 deep elf sorcerers
  12 iron dragons
  41 balrugs
  19 vault wardens
  22 frost giants
  11 ghost moths
  19 quicksilver elementals
  6 deep elf elementalists (Elf:3)
  5 emperor scorpions
  A spectral caustic shrike (Tar:3)
  4 shard shrike simulacra
  A spectral juggernaut (Tar:2)
  9 draconian scorchers
  2 angels (Depths:2)
  7 draconian stormcallers
  9 draconian shifters
  6 curse skulls
  26 ironbound preservers
  28 reapers
  26 orc warlords
  6 demonspawn corrupters
  10 quicksilver oozes
  5 ghouls
  13 cacodemons
  13 draconian annihilators
  8 broodmothers
  40 very ugly things
  8 ironbound thunderhulks
  7 demonspawn blood saints
  36 war gargoyles
  22 stone giants
  A juggernaut skeleton (Crypt:2)
  8 formless jellyfish
  4 starflowers (Abyss:4)
  14 deep elf annihilators
  A spectral titan (Tar:5)
  Nessos (D:13)
  11 vampire knights
  11 green draconians
  An eleionoma (Zig:16)
  10 putrid mouths
  11 demonspawn black suns
  17 deep elf demonologists
  8 dire elephants
  8 bennus (Tomb:3)
  21 spark wasps
  2 bunyips
  10 black draconians
  19 elemental wellsprings
  8 purple draconians
  8 red draconians
  20 lorocyprocas
  16 yellow draconians
  2 minotaurs
  19 wendigos
  15 white draconians
  A spectral quicksilver dragon (Tar:3)
  21 eidola
  45 iron golems
  Snorg (D:12)
  20 ettins
  7 crystal guardians
  16 blizzard demons
  17 green deaths
  21 mummy priests
  The ghost of Etikoup the Jinx, a journeyman DECj of Vehumet (Lair:3)
  17 fire dragons
  7 merfolk impalers
  7 entropy weavers
  5 jiangshi
  The ghost of plsesad the Mimic, a journeyman TrSh of Okawaru (D:11)
  9 deep elf death magi
  14 yaktaur captains
  A shambling mangrove (Zig:16)
  A quicksilver dragon skeleton (Crypt:3)
  5 merfolk javelineers
  9 ice dragons
  4 spectral spriggans
  8 caustic shrike simulacra
  14 salamander tyrants
  3 ghost crabs
  13 great orbs of eyes
  3 peacekeepers
  8 rakshasas
  2 ogre magi
  9 deep elf high priests
  A spectral shadow dragon (Tar:2)
  39 vault guards
  25 spriggan air magi
  6 juggernaut simulacra
  A spectral tengu (Tar:2)
  3 hell beasts
  A merfolk avatar (Shoals:4)
  2 jorogumos
  4 radroaches
  9 hydras
  A sphinx skeleton (Vaults:1)
  12 ironbound frosthearts
  11 boulder beetles
  2 alligators (Zig:16)
  17 dancing weapons
  15 centaur warriors
  3 catoblepae
  6 merfolk aquamancers
  An alligator snapping turtle (Shoals:2)
  2 satyrs (Shoals:3)
  4 stokers
  A two-headed ogre (shapeshifter) (Vaults:5)
  A spectral stone giant (Tar:5)
  12 tengu warriors
  A death scarab (Tomb:2)
  10 deep troll shamans
  6 holy swine (Pan)
  7 vampire magi
  6 two-headed ogres
  8 death yaks
  25 orc high priests
  11 shock serpents
  26 demonic crawlers
  4 spectral dire elephants
  55 sun demons
  A spectral naga (Tar:2)
  10 thrashing horrors
  3 spriggans
  40 hell knights
  12 deep troll earth magi
  5 occultists
  A shock serpent (shapeshifter) (Vaults:5)
  Sonja (Lair:2)
  19 crystal echidnas
  The ghost of wqsa789 the Fighter, a novice GrFi of Okawaru (D:8)
  8 spriggan berserkers
  38 soul eaters
  37 hell hogs
  19 shadow wraiths
  8 wretched stars
  2 salamander mystics (Zig:15)
  15 deep elf knights
  20 iron trolls
  17 sea snakes
  Amaemon (D:8)
  11 pharaoh ants
  31 skeletal warriors
  3 sun moths
  64 deep trolls
  8 sixfirhies
  8 skysharks
  A spectral bunyip (Tar:2)
  10 shadow demons
  A goliath frog (Zig:16)
  9 flayed ghosts
  2 spectral anacondas
  A sea snake (shapeshifter) (Zig:6)
  4 spatial maelstroms
  2 orb spiders (shapeshifter)
  8 glowing orange brains
  3 death drakes
  2 swamp dragons (Zig:16)
  A cherub (Depths:1)
  12 deep elf archers
  3 quicksilver dragon simulacra
  3 spriggan druids (Zig:16)
  An anaconda zombie (Hell)
  2 obsidian statues
  9 orb spiders
  A spectral hydra (Tar:3)
  Pikel (D:9)
  5 spriggan simulacra
  5 lindwurms
  A shadow dragon zombie (Crypt:2)
  23 necromancers
  2 golden dragon skeletons
  An anaconda skeleton (Hell)
  A goliath frog zombie (Crypt:1)
  30 ironbound convokers
  20 orc knights
  3 orange crystal statues (Zig:9)
  18 harpies
  12 arcanists
  16 deep elf pyromancers
  8 phantasmal warriors
  32 orc sorcerers
  18 deep elf zephyrmancers
  A fire giant zombie (Geh:4)
  A spectral ettin (Tar:3)
  21 wolf spiders
  9 steelbarb worms
  68 ugly things
  7 oklob plants
  9 shining eyes
  4 worldbinders
  16 manticores
  A faun (Shoals:3)
  6 will-o-the-wisps
  An iron dragon skeleton (Tomb:1)
  3 stone giant zombies
  A spectral centaur (Tar:2)
  28 moths of wrath
  10 cyclopes
  27 large abominations
  3 merfolk sirens
  A cyclops (shapeshifter) (Zig:7)
  11 elephants (Lair:5)
  A salamander (shapeshifter) (Depths:2)
  5 apocalypse crabs
  A guardian serpent (Lair:5)
  Joseph (D:7)
  6 ice statues
  A stone giant skeleton (Tomb:1)
  A fire giant skeleton (Geh:4)
  8 black mambas
  8 rust devils
  2 naga magi (Zig:15)
  15 vault sentinels
  A black mamba (shapeshifter) (D:15)
  4 eyes of devastation
  11 water nymphs
  5 titan simulacra
  A torpor snail (shapeshifter) (Vaults:5)
  An eye of devastation (shapeshifter) (Zig:7)
  33 smoke demons
  11 molten gargoyles (Geh:7)
  2 alligator snapping turtle skeletons
  A dire elephant zombie (Tomb:2)
  13 orange demons
  18 cane toads
  2 dire elephant skeletons
  A yellow draconian zombie (Crypt:1)
  12 torpor snails
  A centaur skeleton (Crypt:3)
  7 efreet
  38 yaktaurs
  A minotaur zombie (Gauntlet)
  11 komodo dragons
  A shock serpent skeleton (Crypt:1)
  2 unseen horror zombies (D:8)
  A sea snake zombie (Hell)
  3 rime drakes
  37 hellions
  6 freezing wraiths
  An unseen horror (D:11)
  2 bunyip simulacra
  2 kobold demonologists (D:12)
  47 guardian mummies
  3 spectral harpies
  2 iron giant simulacra
  7 ancient zymes
  44 tormentors
  8 anaconda simulacra
  4 tengu conjurers
  9 catoblepas skeletons (Abyss:4)
  7 red devils
  4 golden dragon simulacra
  21 merfolk
  13 wind drakes
  14 ice devils
  17 trolls
  2 harpy zombies
  An iron troll skeleton (Crypt:1)
  A hydra zombie (Hell)
  A shadow dragon simulacrum (Coc:1)
  3 silent spectres
  A tyrant leech (Zig:2)
  9 polar bears (Lair:5)
  9 hornets
  A wind drake (shapeshifter) (Vaults:5)
  11 hellwings
  6 glass eyes
  A fire dragon zombie (Crypt:3)
  30 tarantellas
  8 snapping turtles
  A radroach zombie (Crypt:1)
  A tengu simulacrum (Depths:1)
  A draconian simulacrum (Zot:3)
  A hydra skeleton (Crypt:2)
  A human simulacrum (Vaults:1)
  15 raiju
  17 blink frogs
  A raiju (shapeshifter) (Zig:26)
  25 culicivoras
  3 iron dragon simulacra
  2 stone giant simulacra (Coc:1)
  5 vampires
  51 flying skulls
  13 dream sheep
  29 jumping spiders
  60 slime creatures
  35 water elementals
  An ettin skeleton (Crypt:3)
  6 spriggan skeletons
  A spriggan (shapeshifter) (Vaults:5)
  A shadow (Abyss:2)
  27 air elementals
  2 centaur simulacra
  3 wraiths (Crypt:2)
  4 naga simulacra
  20 ushabtiu
  A human (Lair:3)
  13 wyverns
  4 basilisks
  38 starcursed masses
  7 dire elephant simulacra
  3 fire elementals
  A hog (D:15)
  16 ynoxinuls
  6 golden eyes
  45 yaks
  A basilisk (shapeshifter) (D:13)
  An alligator snapping turtle simulacrum (Coc:1)
  20 neqoxecs
  13 chaos spawn
  6 steam dragons
  7 vampire mosquitoes
  59 redbacks
  A spatial vortex (Abyss:4)
  30 wargs
  A red draconian simulacrum (Zot:3)
  5 acid dragons
  2 hydra simulacra
  8 small abominations
  A glowing shapeshifter zombie (Depths:1)
  17 harpy simulacra
  27 water moccasins
  22 hell hounds
  A merfolk skeleton (Crypt:1)
  106 orc warriors
  2 manticore zombies (Shoals:3)
  6 ettin simulacra
  2 ice beasts
  16 black bears
  23 wolves
  3 boggarts
  14 centaurs
  A centaur (shapeshifter) (Depths:1)
  52 ogres
  A phantom (D:6)
  4 kobold brigands
  12 bullfrogs
  A wyvern zombie (D:8)
  17 earth elementals
  4 gnoll sergeants
  8 necrophages
  8 scorpions
  4 wights (D:8)
  16 killer bees
  An electric eel (D:10)
  3 howler monkeys
  6 centaur zombies
  3 gnoll boudas
  3 hounds
  2 human zombies
  27 jellies
  27 orc priests
  3 iron imps (D:4)
  A sleepcap (D:6)
  2 iguanas
  32 orc wizards
  12 hell rats
  A killer bee zombie (D:8)
  39 mummies
  39 gnolls
  7 adders
  6 shadow imps
  3 white imps
  3 ufetubi
  3 worms
  3 dart slugs
  88 orcs
  3 bats
  2 bat zombies (Shoals:3)
  2 endoplasms (D:1)
  A giant cockroach (D:3)
  13 goblins
  8 hobgoblins (D:7)
  2 jackals (D:3)
  3 quokkas
  6 ball pythons
  3 frilled lizards
  26 kobolds
  5 rats
  A river rat zombie (Crypt:1)
  5 ball lightnings (Pan)
  7 creeping infernos
  2 fire vortices
  2 lurking horrors
  8 starspawn tentacles
  4 tentacles (Shoals:2)
4894 creatures vanquished.

Vanquished Creatures (collateral kills)
  A dread lich (Vaults:5)
  A Tzitzimitl (Zig:13)
  A tentacled monstrosity (Zot:2)
  An iron giant (Zig:27)
  2 acid blobs (Slime:5)
  A lich (Zig:15)
  A titan (Vaults:5)
  A sphinx (Vaults:5)
  3 storm dragons (Zig:25)
  A tengu reaver (Zig:15)
  A nagaraja (Zig:15)
  An azure jelly (Slime:5)
  2 fire giants
  A frost giant (Depths:3)
  2 vault wardens (Vaults:3)
  A deep elf elementalist (Elf:3)
  4 very ugly things
  An emperor scorpion (Spider:3)
  A formless jellyfish (Slime:2)
  A quicksilver ooze (Slime:5)
  A war gargoyle (Vaults:5)
  2 stone giants
  A vampire knight (Vaults:2)
  A black draconian (Zig:20)
  A dire elephant (Vaults:3)
  A white draconian (Depths:4)
  An eidolon (Zig:11)
  A green death (Zig:13)
  A blizzard demon (Zig:22)
  An ettin (Vaults:5)
  A deep elf high priest (Vaults:5)
  3 yaktaur captains
  A great orb of eyes (Slime:5)
  An ogre mage (Zig:15)
  An ice dragon (Depths:2)
  A death knight (Crypt:2)
  A boulder beetle (Spider:4)
  2 spriggan air magi
  A two-headed ogre (Zig:21)
  A demonic crawler (Spider:3)
  An orc high priest (Zig:21)
  A deep troll earth mage (Depths:1)
  A shock serpent (Zig:25)
  An iron troll (Depths:2)
  A shadow wraith (Pan)
  An orc knight (Vaults:1)
  A wolf spider (Spider:4)
  2 ugly things
  A shining eye (Slime:5)
  A vault sentinel (Vaults:4)
  An eye of devastation (Zig:9)
  2 yaktaurs
  A silent spectre (Zig:22)
  A tarantella (Spider:4)
  A glass eye (Slime:5)
  2 large abominations (Zig:22)
  3 raiju
  5 slime creatures
  2 jumping spiders
  A culicivora (Spider:3)
  A redback (Spider:2)
  A two-headed ogre skeleton (Crypt:2)
  2 moth of wrath simulacra (Zot:3)
  An orc warrior (Zig:23)
  An elf skeleton (Crypt:2)
  A wolf skeleton (Crypt:2)
  An orc priest (D:4)
  4 jellies (Zot:2)
  6 starcursed masses (Zig:22)
  3 orc wizards
  A mummy (Tomb:1)
  5 orcs
  3 starspawn tentacles (Zig:22)
112 creatures vanquished.

Vanquished Creatures (others)
  A hellwing (Pan)
  2 slime creatures
  A human (D:15)
  A ball lightning (Pan)
  1280 fire vortices
  34 starspawn tentacles
1319 creatures vanquished.

Grand Total: 6325 creatures vanquished

Notes
Turn   | Place    | Note
-------+----------+-------------------------------------------
     0 | D:1      | PurpleRed the Deep Elf Artificer began the quest for the
                  | Orb.
     0 | D:1      | Reached XP level 1. HP: 11/11 MP: 3/3
    89 | D:1      | Reached skill level 1 in Spellcasting
   305 | D:1      | Reached skill level 1 in Fighting
   305 | D:1      | Reached XP level 2. HP: 16/16 MP: 4/6
  1042 | D:2      | Reached skill level 1 in Short Blades
  1231 | D:2      | Reached XP level 3. HP: 20/20 MP: 8/8
  1295 | D:2      | Found a burning altar of Makhleb.
  1884 | D:3      | Found a faded altar of an unknown god.
  2321 | D:3      | Found a blossoming altar of Fedhas.
  2473 | D:3      | Reached XP level 4. HP: 26/26 MP: 10/10
  2976 | D:4      | Found a staircase to the Ecumenical Temple.
  3002 | Temple   | Entered the Ecumenical Temple
  3013 | Temple   | Became a worshipper of Vehumet
  3026 | Temple   | Learned a level 1 spell: Shock
  3221 | D:4      | Noticed an ogre
  3373 | D:4      | Found an opulent altar of Gozag.
  3373 | D:4      | Found a shimmering altar of Xom.
  3502 | D:4      | Found a burning altar of Makhleb.
  3539 | D:4      | Reached skill level 1 in Air Magic
  3555 | D:4      | Reached XP level 5. HP: 30/30 MP: 12/12
  3976 | D:4      | Killed an ogre
  3977 | D:4      | Reached skill level 5 in Spellcasting
  3977 | D:4      | Reached XP level 6. HP: 35/35 MP: 13/15
  4056 | D:5      | Entered Level 5 of the Dungeon
  4068 | D:4      | Learned a level 4 spell: Airstrike
  4252 | D:5      | Found a stormy altar of Qazlal.
  4826 | D:5      | Reached * piety under Vehumet
  4826 | D:5      | Offered knowledge of Freeze by Vehumet.
  4832 | D:5      | Learned a level 1 spell: Freeze
  4948 | D:5      | Found a broken altar of Ashenzari.
  4985 | D:5      | Reached XP level 7. HP: 40/40 MP: 5/16
  5036 | D:5      | Reached skill level 5 in Air Magic
  5162 | D:5      | Learned a level 3 spell: Swiftness
  6114 | D:5      | Reached skill level 1 in Conjurations
  6429 | D:5      | Reached XP level 8. HP: 44/44 MP: 15/18
  6967 | D:6      | Identified the "Gejecup"
  7071 | D:6      | Learned a level 5 spell: Iskenderun's Battlesphere
  7213 | D:6      | Reached skill level 5 in Conjurations
  7298 | D:6      | Reached ** piety under Vehumet
  7298 | D:6      | Offered knowledge of Momentum Strike by Vehumet.
  7738 | D:6      | Found a bloodstained altar of Trog.
  7742 | D:6      | Found a shimmering blue altar of Sif Muna.
  7923 | D:6      | Found a glowing silver altar of Zin.
  8452 | D:7      | Offered knowledge of Inner Flame by Vehumet.
  8465 | D:7      | Reached XP level 9. HP: 47/48 MP: 14/22
  8571 | D:7      | Reached *** piety under Vehumet
  8609 | D:7      | Found a sparkling altar of Nemelex Xobeh.
  9125 | D:7      | Noticed Joseph
  9363 | D:7      | Offered knowledge of Volatile Blastmotes by Vehumet.
  9626 | D:7      | Killed Joseph
  9794 | D:8      | Noticed an orange demon
  9799 | D:8      | Killed an orange demon
  9885 | D:8      | Noticed Amaemon
  9892 | D:8      | Killed Amaemon
  9893 | D:8      | Reached skill level 10 in Spellcasting
  9893 | D:8      | Reached skill level 10 in Conjurations
  9903 | D:8      | Noticed wqsa789's ghost (novice GrFi)
  9904 | D:8      | Found a runed translucent door.
 10072 | D:8      | You fall into a shaft and drop 2 floors!
 10072 | D:10     | Entered Level 10 of the Dungeon
 10102 | D:9      | Found a snail-covered altar of Cheibriados.
 10406 | D:8      | Reached XP level 10. HP: 53/53 MP: 21/26
 10560 | D:8      | Found an ancient bone altar of Kikubaaqudgha.
 10687 | D:8      | Reached **** piety under Vehumet
 10864 | D:8      | Offered knowledge of Ignite Poison by Vehumet.
 10884 | D:8      | Learned a level 3 spell: Mephitic Cloud
 10888 | D:8      | Learned a level 3 spell: Ignite Poison
 11701 | D:9      | Noticed Pikel
 11705 | D:9      | Killed Pikel
 11938 | D:9      | Reached XP level 11. HP: 57/57 MP: 27/29
 11985 | D:9      | Found a staircase to the Lair.
 12221 | D:9      | Reached ***** piety under Vehumet
 12221 | D:9      | Offered knowledge of Irradiate by Vehumet.
 12564 | D:9      | Found a sacrificial altar of Ru.
 12677 | D:10     | Noticed a two-headed ogre
 12721 | D:10     | Killed a two-headed ogre
 12884 | D:10     | Learned a level 5 spell: Irradiate
 12933 | D:10     | Identified a scroll of acquirement
 12933 | D:10     | Identified the "Gikoig" (You acquired it on level 10 of
                  | the Dungeon)
 12933 | D:10     | Acquired the Tome of Arcane Weapons
 12943 | D:10     | Learned a level 7 spell: Orb of Destruction
 12987 | D:10     | Noticed a two-headed ogre
 13023 | D:10     | Killed a two-headed ogre
 13269 | D:10     | Found a basalt altar of Yredelemnul.
 13501 | D:10     | Identified the +0 chain mail of Hedging {rPois rN+ Int-3
                  | SInv}
 13534 | D:10     | Found an ornate altar of the Wu Jian Council.
 13687 | D:11     | Identified the "Farid"
 13873 | D:11     | Noticed a boulder beetle
 14082 | D:11     | Killed a boulder beetle
 14220 | D:11     | Found a runed translucent gate.
 14221 | D:11     | Found a runed translucent gate.
 14223 | D:11     | Found a runed translucent gate.
 14229 | D:11     | Noticed a two-headed ogre
 14229 | D:11     | Noticed plsesad's ghost (journeyman TrSh)
 14232 | D:11     | Noticed a minotaur
 14299 | D:11     | Noticed a two-headed ogre
 14301 | D:11     | Killed a two-headed ogre
 14545 | D:11     | Reached skill level 15 in Conjurations
 14643 | D:11     | Learned a level 4 spell: Iskenderun's Mystic Blast
 14907 | D:11     | Found Zolo's Antique Weapon Shop.
 15295 | D:12     | Noticed a brown ugly thing
 15305 | D:12     | Killed a brown ugly thing
 15306 | D:12     | Reached skill level 1 in Fire Magic
 15306 | D:12     | Reached XP level 12. HP: 36/62 MP: 1/32
 15848 | D:12     | Noticed a tengu warrior
 15858 | D:12     | Killed a tengu warrior
 16008 | D:12     | Found a staircase to the Orcish Mines.
 16009 | D:12     | Noticed a tengu warrior
 16042 | D:12     | Killed a tengu warrior
 16091 | D:12     | Noticed Snorg
 16111 | D:12     | Noticed a tengu warrior
 16477 | Lair:1   | Entered Level 1 of the Lair of Beasts
 16498 | Lair:1   | Reached skill level 5 in Fire Magic
 16876 | Lair:1   | Reached skill level 5 in Dodging
 17441 | Lair:1   | Offered knowledge of Lee's Rapid Deconstruction by Vehumet.
 18390 | Lair:2   | Identified the "Naiclu"
 18395 | Lair:2   | Reached skill level 15 in Spellcasting
 18508 | Lair:2   | Reached XP level 13. HP: 70/70 MP: 10/34
 18827 | Lair:2   | Noticed Sonja
 18829 | Lair:2   | Killed Sonja
 19628 | Lair:2   | Found a hole to the Spider Nest.
 20224 | Lair:3   | Identified the +5 trident of the Hurtling Gods {drain,
                  | Drain rPois MP+9 Str+7}
 20258 | Lair:3   | Learned a level 6 spell: Starburst
 20453 | Lair:3   | Found a runed translucent door.
 20455 | Lair:3   | Noticed Etikoup's ghost (journeyman DECj)
 20962 | Lair:3   | Found a staircase to the Shoals.
 21030 | Lair:3   | Found a runed translucent door.
 21044 | Lair:3   | Noticed a reaper
 21570 | Lair:4   | Identified the +1 helmet "Iluto" {rC+ Str+3 Dex-3}
 21685 | Lair:4   | Found a staircase to the Slime Pits.
 21701 | Lair:4   | Reached skill level 10 in Fire Magic
 21703 | Lair:4   | Found a viscous altar of Jiyva.
 22195 | Lair:4   | Identified the +1 long sword of Premature Burial {heavy,
                  | +Blink SInv}
 22407 | Lair:5   | Entered Level 5 of the Lair of Beasts
 22526 | Lair:5   | Found a dark tunnel.
 22568 | Volcano  | Entered a volcano
 22591 | Volcano  | Offered knowledge of Freezing Cloud by Vehumet.
 23032 | Volcano  | Noticed a fire dragon
 23041 | Volcano  | Killed a fire dragon
 23042 | Volcano  | Reached XP level 14. HP: 76/76 MP: 21/36
 24315 | Lair:5   | Identified the +1 mace "Veoz" {speed, rN++ Will++ Int-3}
 25053 | Lair:5   | Offered knowledge of Plasma Beam by Vehumet.
 26686 | D:13     | Noticed Nessos
 26692 | D:13     | Killed Nessos
 27246 | D:13     | Reached XP level 15. HP: 65/81 MP: 25/38
 27575 | D:14     | Reached skill level 5 in Fighting
 28029 | D:14     | Found a gate to the Vaults.
 28753 | D:14     | Reached skill level 15 in Fire Magic
 28916 | D:14     | Found an iron altar of Okawaru.
 29346 | D:14     | Offered knowledge of Fireball by Vehumet.
 29466 | D:14     | Learned a level 5 spell: Fireball
 29506 | D:15     | Entered Level 15 of the Dungeon
 29671 | D:15     | Found a glowing golden altar of the Shining One.
 30038 | D:15     | Noticed a frost giant
 30799 | D:15     | Noticed Kirke
 30802 | D:15     | Killed Kirke
 30931 | D:15     | Killed a frost giant
 31577 | D:15     | Found a staircase to the Depths.
 31750 | Orc:1    | Entered Level 1 of the Orcish Mines
 31751 | Orc:1    | Acquired 657 gold pieces
 31812 | Orc:2    | Entered Level 2 of the Orcish Mines
 31812 | Orc:2    | Found a burning altar of Makhleb.
 31817 | Orc:2    | Offered knowledge of Yara's Violent Unravelling by Vehumet.
 32101 | Orc:2    | Found Obyuve Lewk's Jewellery Shoppe.
 32110 | Orc:2    | Bought an amulet of reflection for 450 gold pieces
 32118 | Orc:2    | Found Uzesodod's Antique Weapon Emporium.
 32121 | Orc:2    | Found a gate leading to a gauntlet.
 32128 | Gauntlet | Entered a Gauntlet
 32128 | Gauntlet | Found a transporter.
 32128 | Gauntlet | Found a transporter.
 32129 | Gauntlet | Found a runed translucent door.
 32163 | Gauntlet | Found a transporter.
 32163 | Gauntlet | Found a transporter.
 32171 | Gauntlet | Found a transporter.
 32175 | Gauntlet | Found a transporter.
 32186 | Gauntlet | Found a transporter.
 32199 | Gauntlet | Found a transporter.
 32213 | Gauntlet | Found a transporter.
 32217 | Gauntlet | Found a transporter.
 32219 | Gauntlet | Found a runed translucent gate.
 32219 | Gauntlet | Found a runed translucent gate.
 32219 | Gauntlet | Found a runed translucent gate.
 32230 | Gauntlet | Found a transporter.
 32234 | Gauntlet | Found a transporter.
 32550 | Gauntlet | Reached XP level 16. HP: 88/88 MP: 31/40
 32611 | Gauntlet | Identified the ring of Korukhlae {rN++ Will+ MP+9 Str+2
                  | Dex-2}
 32837 | Orc:2    | Found a staircase to the Elven Halls.
 33480 | Orc:2    | Noticed Rupert
 33500 | Orc:2    | Killed Rupert
 33719 | Orc:2    | Found Racida's Antique Armour Shop.
 33789 | Orc:2    | Found Bukhuh's General Store.
 33830 | Orc:2    | Bought a potion of magic for 104 gold pieces
 33830 | Orc:2    | Bought a scroll of amnesia for 52 gold pieces
 33830 | Orc:2    | Bought a book of Annihilations for 780 gold pieces
 34027 | Orc:2    | Learned a level 9 spell: Fire Storm
 34085 | Shoals:4 | Identified the "Qoasm"
 34085 | Vaults:5 | Identified the "Dulexteg"
 34085 | Crypt:3  | Identified the of Byidoagu
 34085 | Depths:1 | Identified the of Sudaeq
 34085 | Elf:1    | Entered Level 1 of the Elven Halls
 34085 | Elf:1    | Noticed Donald
 34092 | Elf:1    | Offered knowledge of Ignition by Vehumet.
 34097 | Elf:1    | Killed Donald
 34163 | Elf:1    | Identified the +0 flail "Fuqoli" {flame, Fly}
 34210 | Elf:1    | Reached skill level 1 in Shields
 34423 | Elf:1    | Found Leow's Magic Scroll Shoppe.
 34426 | Elf:1    | Bought a scroll of teleportation for 42 gold pieces
 34426 | Elf:1    | Bought a scroll of enchant armour for 105 gold pieces
 34427 | Elf:1    | Bought a scroll of acquirement for 728 gold pieces
 34427 | Elf:1    | Acquired a +2 helmet of intelligence
 35331 | Elf:2    | Found Sife's Jewellery Emporium.
 35332 | Elf:2    | Found Remoneh's Book Boutique.
 35333 | Elf:2    | Found Laijijaing's Jewellery Emporium.
 35701 | Elf:2    | Paralysed by an air elemental for 1 turns
 36021 | Elf:2    | Found a runed translucent gate.
 36021 | Elf:2    | Found a runed translucent gate.
 36027 | Elf:2    | Found a runed translucent gate.
 36098 | Elf:3    | Identified the of Ittuqaac
 36098 | Elf:3    | Entered Level 3 of the Elven Halls
 36317 | Elf:3    | Found Siamil's Antique Armour Boutique.
 36322 | Elf:3    | Found Asye's Antique Armour Boutique.
 36335 | Elf:3    | Bought a smoking helmet for 342 gold pieces
 36335 | Elf:3    | Identified the +2 helmet of Vupis {Harm} (You bought it in
                  | a shop on level 3 of the Elven Halls)
 36339 | Elf:3    | Bought a crude leather armour for 189 gold pieces
 36339 | Elf:3    | Identified the +3 leather armour of Midnight {Fly MP+9}
                  | (You bought it in a shop on level 3 of the Elven Halls)
 36345 | Elf:3    | Bought a shimmering leather armour for 252 gold pieces
 36345 | Elf:3    | Identified the +0 leather armour "Makk" {rPois rCorr} (You
                  | bought it in a shop on level 3 of the Elven Halls)
 36931 | Elf:3    | Noticed a deep elf blademaster
 36935 | Elf:3    | Killed a deep elf blademaster
 36937 | Elf:3    | Reached XP level 17. HP: 93/93 MP: 26/43
 36957 | Elf:3    | Learned a level 8 spell: Ignition
 37002 | Elf:3    | Noticed a deep elf blademaster
 37005 | Elf:3    | Killed a deep elf blademaster
 37005 | Elf:3    | Paralysed by an air elemental for 1 turns
 37005 | Elf:3    | Noticed a deep elf master archer
 37006 | Elf:3    | Killed a deep elf master archer
 37006 | Elf:3    | Reached ****** piety under Vehumet
 37051 | Elf:3    | Offered knowledge of Lehudib's Crystal Spear by Vehumet.
 37051 | Elf:3    | Offered knowledge of Polar Vortex by Vehumet.
 37115 | Elf:3    | Identified the +4 shortbow of the Grave {flame, Fly rPois
                  | rC+ Dex+4}
 37168 | Elf:3    | Identified the +7 trident of Day {venom, Dex+4}
 37168 | Elf:3    | Identified the ring of Zuel {Str+3 Int+6}
 37196 | Elf:3    | Identified the death talisman of Biskuorch {Int+8}
 37319 | Elf:3    | Found the +11 plutonium sword {Contam Stlth-}
 37363 | Elf:3    | Identified the +0 spear of Fundamental Breach {pain, rC+
                  | SInv}
 37649 | Elf:2    | Bought the ring of Ruuhower {rN+ MP+9 Str-4 Int+4 SInv} for
                  | 708 gold pieces
 37762 | D:12     | Killed Snorg
 37900 | Shoals:1 | Entered Level 1 of the Shoals
 37901 | Shoals:1 | Found Fireerch's Magic Scroll Shop.
 37909 | Shoals:1 | Bought a scroll of fog for 68 gold pieces
 37909 | Shoals:1 | Bought a scroll of fog for 68 gold pieces
 37909 | Shoals:1 | Bought a scroll of enchant armour for 127 gold pieces
 37909 | Shoals:1 | Bought a scroll of teleportation for 51 gold pieces
 37909 | Shoals:1 | Bought a scroll of teleportation for 51 gold pieces
 38256 | Shoals:1 | Learned a level 2 spell: Sublimation of Blood
 38548 | Shoals:2 | Reached skill level 1 in Necromancy
 38909 | Shoals:2 | Noticed a kraken
 38915 | Shoals:2 | Killed a kraken
 39527 | Shoals:3 | Noticed Nikola
 39530 | Shoals:3 | Killed Nikola
 39531 | Shoals:3 | Reached XP level 18. HP: 77/98 MP: 30/46
 39537 | Shoals:3 | Noticed Mlioglotl
 39540 | Shoals:3 | Killed Mlioglotl
 39663 | Shoals:3 | Reached skill level 5 in Necromancy
 40056 | Shoals:4 | Entered Level 4 of the Shoals
 40305 | Shoals:4 | Got a barnacled rune of Zot
 40316 | Shoals:4 | Identified the +12 battleaxe of Uncertain Death {elec, rC+
                  | Stlth+}
 40530 | Shoals:4 | Noticed Polyphemus
 40536 | Shoals:4 | Killed Polyphemus
 40540 | Shoals:4 | Paralysed by an air elemental for 1 turns
 41134 | Spider:1 | Entered Level 1 of the Spider Nest
 41791 | Spider:2 | Reached XP level 19. HP: 83/103 MP: 47/47
 42946 | Spider:3 | Reached skill level 1 in Armour
 43270 | Spider:3 | Learned a level 9 spell: Chain Lightning
 43591 | Spider:4 | Entered Level 4 of the Spider Nest
 44070 | Spider:4 | Identified the +2 pair of gloves of Altruism {Str+4}
 44093 | Spider:4 | Got a gossamer rune of Zot
 44516 | Slime:1  | Entered Level 1 of the Pits of Slime
 44862 | Slime:5  | Identified the of Alloegim
 44862 | Slime:5  | Entered Level 5 of the Pits of Slime
 44878 | Slime:5  | Gained mutation: You are frail. (-10% HP) [a shining eye]
 44890 | Slime:5  | Lost mutation: You are frail. (-10% HP) [potion of
                  | mutation]
 44890 | Slime:5  | Gained mutation: Your body sometimes deteriorates upon
                  | taking damage. [potion of mutation]
 44890 | Slime:5  | Gained mutation: You have a beak for a mouth. [potion of
                  | mutation]
 44890 | Slime:5  | Gained mutation: You are weak. (Str -2) [potion of
                  | mutation]
 44890 | Slime:5  | Gained mutation: You are partially covered in iridescent
                  | scales. (AC +2) [potion of mutation]
 44891 | Slime:5  | Lost mutation: You are weak. (Str -2) [potion of mutation]
 44891 | Slime:5  | Lost mutation: You are partially covered in iridescent
                  | scales. (AC +2) [potion of mutation]
 44891 | Slime:5  | Gained mutation: Your flesh is heat resistant. (rF+)
                  | [potion of mutation]
 44891 | Slime:5  | Lost mutation: Your flesh is heat resistant. (rF+) [potion
                  | of mutation]
 44891 | Slime:5  | Gained mutation: You passively dampen the noise of your
                  | surroundings. [potion of mutation]
 44892 | Slime:5  | Lost mutation: Your body sometimes deteriorates upon taking
                  | damage. [potion of mutation]
 44892 | Slime:5  | Lost mutation: You have a beak for a mouth. [potion of
                  | mutation]
 44892 | Slime:5  | Lost mutation: You passively dampen the noise of your
                  | surroundings. [potion of mutation]
 44892 | Slime:5  | Gained mutation: You occasionally shout uncontrollably at
                  | your foes. [potion of mutation]
 44892 | Slime:5  | Gained mutation: You are clumsy. (Dex -2) [potion of
                  | mutation]
 44892 | Slime:5  | Gained mutation: You have a pair of small horns on your
                  | head. [potion of mutation]
 44893 | Slime:5  | Lost mutation: You have a pair of small horns on your head.
                  | [potion of mutation]
 44893 | Slime:5  | Lost mutation: You occasionally shout uncontrollably at
                  | your foes. [potion of mutation]
 44893 | Slime:5  | Lost mutation: You are clumsy. (Dex -2) [potion of
                  | mutation]
 44893 | Slime:5  | Gained mutation: You are frail. (-10% HP) [potion of
                  | mutation]
 44893 | Slime:5  | Gained mutation: Your system is resistant to poisons.
                  | (rPois) [potion of mutation]
 44894 | Slime:5  | Lost mutation: Your system is resistant to poisons. (rPois)
                  | [potion of mutation]
 44894 | Slime:5  | Lost mutation: You are frail. (-10% HP) [potion of
                  | mutation]
 44894 | Slime:5  | Gained mutation: You are dopey. (Int -2) [potion of
                  | mutation]
 44938 | Slime:5  | Noticed Dissolution
 44941 | Slime:5  | Killed Dissolution
 44942 | Slime:5  | Reached skill level 10 in Dodging
 44958 | Slime:5  | Reached XP level 20. HP: 112/112 MP: 47/48
 44970 | Slime:5  | Noticed the Royal Jelly
 44974 | Slime:5  | Killed the Royal Jelly
 45078 | Slime:5  | Identified the +5 ring mail "Lula" {+Inv Will- Str+7 Dex-3}
 45115 | Slime:5  | Lost mutation: You are dopey. (Int -2) [a shining eye]
 45374 | Slime:5  | Identified the +5 mace "Loopy" {flame, Str+4}
 45376 | Slime:5  | Identified the ring "Okhelag" {Will+ Dex+6}
 45397 | Slime:5  | Identified the +8 scimitar "Huxomi" {freeze, rF++}
 45577 | Slime:5  | Got a slimy rune of Zot
 45580 | Slime:5  | Identified the staff "Jebbogg" {rPois rC+ Necro Poison}
 45882 | Vaults:1 | Entered Level 1 of the Vaults
 46562 | Vaults:1 | Reached skill level 10 in Air Magic
 47699 | Vaults:2 | Found a staircase to the Crypt.
 47883 | Vaults:2 | Found the +8 trishula "Condemnation" {holy, anguish, *Noise
                  | Fly rN+}
 47935 | Vaults:2 | Found Taoseit's Jewellery Boutique.
 48037 | Vaults:2 | Reached XP level 21. HP: 120/120 MP: 49/49
 48793 | Vaults:3 | Noticed Boris
 48796 | Vaults:3 | Killed Boris
 49109 | Vaults:3 | Reached skill level 10 in Fighting
 50560 | Vaults:4 | Found a transporter.
 50560 | Vaults:4 | Noticed Xihuodghy's ghost (adept MiBe)
 50561 | Vaults:4 | Identified the +7 giant club "Diegh" {spect, Dex+5 SInv}
 50565 | Vaults:4 | Found a transporter.
 50579 | Vaults:4 | Killed Xihuodghy's ghost
 50580 | Vaults:4 | Reached XP level 22. HP: 117/127 MP: 52/52
 50593 | Vaults:4 | Identified the ring of Cegguwk {+Blink MP+9 Str+3 Int-3
                  | SInv}
 50799 | Vaults:4 | Reached skill level 15 in Air Magic
 51136 | Vaults:4 | Found a runed gate.
 51136 | Vaults:4 | Found a runed gate.
 51136 | Vaults:4 | Found a runed gate.
 51142 | Vaults:4 | Identified the +4 tower shield of Ypsem {rN+}
 51149 | Vaults:4 | Found a glowing golden altar of the Shining One.
 51428 | Vaults:5 | Entered Level 5 of the Vaults
 51436 | Vaults:5 | Noticed an ancient lich
 51443 | Vaults:5 | Killed an ancient lich
 51455 | Vaults:5 | Noticed a dread lich
 51458 | Vaults:5 | Killed a dread lich
 52171 | Vaults:5 | Reached XP level 23. HP: 119/132 MP: 48/54
 52249 | Vaults:5 | Learned a level 8 spell: Lehudib's Crystal Spear
 52364 | Vaults:5 | Reached XP level 24. HP: 137/137 MP: 54/54
 52365 | Vaults:5 | Reached XP level 25. HP: 143/143 MP: 54/54
 52441 | Vaults:5 | Found the +8 pair of quick blades "Gyre" and "Gimble"
                  | {protect}
 52453 | Vaults:5 | Identified the +6 scimitar "Wullem" {flame, SInv}
 52580 | Vaults:5 | Identified the staff of Hokyinny {rC+ Earth}
 52750 | Vaults:5 | Got a silver rune of Zot
 53058 | Vaults:5 | Identified the +4 hand axe of Conflict {flame, +Blink
                  | rElec}
 53497 | Depths:1 | Entered Level 1 of the Depths
 53508 | Depths:1 | Reached skill level 5 in Earth Magic
 53957 | Depths:1 | Found a gateway to Hell.
 54109 | Depths:1 | Noticed Saint Roka
 54110 | Depths:1 | Killed Saint Roka
 54148 | Depths:1 | Reached skill level 1 in Shapeshifting
 54470 | Depths:2 | Found a one-way gateway to a ziggurat.
 54669 | Depths:2 | Found a one-way gate leading to the halls of Pandemonium.
 54921 | Depths:2 | Reached skill level 5 in Shapeshifting
 55095 | Depths:2 | Found the +5 robe of Night {Dark Will+ SInv}
 55115 | Depths:2 | Reached XP level 26. HP: 152/152 MP: 36/54
 55680 | Depths:3 | Found a one-way gate to the infinite horrors of the Abyss.
 55737 | Depths:3 | Found a flickering gateway to a bazaar.
 55749 | Depths:3 | Reached skill level 10 in Earth Magic
 55750 | Bazaar   | Entered a bazaar
 55763 | Bazaar   | Found Guboel's Magic Scroll Shop.
 55770 | Bazaar   | Bought a scroll of blinking for 82 gold pieces
 55770 | Bazaar   | Bought a scroll of blinking for 82 gold pieces
 55770 | Bazaar   | Bought a scroll of fog for 44 gold pieces
 55770 | Bazaar   | Bought a scroll of teleportation for 33 gold pieces
 55799 | Bazaar   | Found Vympaby's Magic Scroll Shop.
 55803 | Bazaar   | Bought a scroll of acquirement for 468 gold pieces
 55837 | Bazaar   | Found Tarokk's Distillery.
 55847 | Bazaar   | Bought a potion of haste for 120 gold pieces
 55847 | Bazaar   | Bought a potion of magic for 96 gold pieces
 55847 | Bazaar   | Bought 2 potions of mutation for 192 gold pieces
 55847 | Bazaar   | Bought a potion of brilliance for 48 gold pieces
 55847 | Bazaar   | Bought a potion of curing for 36 gold pieces
 55859 | Bazaar   | Found Fuuwaete's Distillery.
 55867 | Bazaar   | Bought a potion of heal wounds for 55 gold pieces
 55867 | Bazaar   | Bought a potion of haste for 110 gold pieces
 55867 | Bazaar   | Bought a potion of curing for 33 gold pieces
 55867 | Bazaar   | Bought a potion of curing for 33 gold pieces
 55867 | Bazaar   | Bought a potion of curing for 33 gold pieces
 55922 | Depths:3 | Noticed Norris
 55926 | Depths:3 | Killed Norris
 55927 | Depths:3 | Reached skill level 10 in Shapeshifting
 55976 | Depths:3 | Identified the amulet of the Byakko {RegenMP *Slow rElec
                  | Int+4 SInv}
 56668 | Depths:4 | Entered Level 4 of the Depths
 56670 | Depths:4 | Noticed a juggernaut
 56673 | Depths:4 | Killed a juggernaut
 56789 | Depths:4 | Noticed a juggernaut
 56793 | Depths:4 | Killed a juggernaut
 56801 | Depths:4 | Reached skill level 15 in Shapeshifting
 57231 | Depths:4 | Reached XP level 27. HP: 151/157 MP: 49/54
 57703 | Depths:4 | Found a gate to the Realm of Zot.
 57716 | Depths:4 | Identified the +0 scale mail of Lethargy {Stlth+}
 57732 | Depths:4 | Upgraded the game from 0.31-a0-1010-g5322dac to
                  | 0.31-a0-1017-g7cb12e4
 57847 | Depths:2 | Acquired the ring of Gizideni {rF++ Str+2 Dex+6}
 57858 | Tomb:3   | Identified the "Vaceati"
 57858 | Tomb:3   | Identified the of Tibbi
 57858 | Coc:7    | Identified the "Jutruilo"
 57858 | Coc:7    | Identified the "Acifivo"
 57858 | Zig:1    | Entered Level 1 of a ziggurat
 57895 | Zig:2    | Entered Level 2 of a ziggurat
 57908 | Zig:2    | Identified the ring "Xotol" {Fire rPois}
 57913 | Zig:3    | Entered Level 3 of a ziggurat
 57951 | Zig:4    | Entered Level 4 of a ziggurat
 57978 | Zig:5    | Entered Level 5 of a ziggurat
 58003 | Zig:6    | Entered Level 6 of a ziggurat
 58010 | Zig:6    | Noticed an ancient lich
 58011 | Zig:6    | Noticed a dread lich
 58014 | Zig:6    | Killed an ancient lich
 58014 | Zig:6    | Killed a dread lich
 58050 | Zig:6    | Identified the amulet of Osecha {Faith Fragile Int+5 Dex+3}
 58057 | Zig:6    | Identified the +5 plate armour of Twilight {+Inv rF- rC+
                  | rN+}
 58063 | Zig:7    | Identified the of Xuvum
 58063 | Zig:7    | Entered Level 7 of a ziggurat
 58066 | Zig:7    | Noticed Zadi the pandemonium lord
 58068 | Zig:7    | Killed Zadi the pandemonium lord
 58101 | Zig:8    | Entered Level 8 of a ziggurat
 58116 | Zig:8    | Found the +3 giant club "Skullcrusher" {speed, Str+7}
 58168 | Zig:9    | Entered Level 9 of a ziggurat
 58333 | Zig:9    | Identified the ring "Qerchyponk" {rN+ Str+4 Int+3}
 58340 | Zig:10   | Identified the of Faqos
 58340 | Zig:10   | Entered Level 10 of a ziggurat
 58424 | Zig:10   | Identified the +8 mace "Qugus" {speed, rC+ Str+6}
 58440 | Zig:10   | Identified the +8 great mace of the Beloved God {venom,
                  | rC++ rCorr}
 58444 | Zig:11   | Entered Level 11 of a ziggurat
 58453 | Zig:11   | Noticed Yxuenos's ghost (legendary DsFi)
 58461 | Zig:11   | Killed Yxuenos's ghost
 58484 | Zig:11   | Identified the +1 robe of the Everdark {SInv}
 58491 | Zig:11   | Identified the +6 plate armour of the Pure Seers {rF+ MP+9
                  | Str+3 Int-5}
 58504 | Zig:12   | Identified the "Coal"
 58504 | Zig:12   | Entered Level 12 of a ziggurat
 58517 | Zig:12   | Found the +9 sword of Zonguldrok {reap}
 58637 | Zig:12   | Identified the ring of Luivvaerih {Fire Str+3}
 58644 | Zig:12   | Identified the ring of the Saviour {+Blink rElec MP+9}
 58656 | Zig:13   | Entered Level 13 of a ziggurat
 58678 | Zig:13   | Noticed Ideqem the pandemonium lord
 58681 | Zig:13   | Killed Ideqem the pandemonium lord
 58794 | Zig:13   | Identified the ring "Panioh" {Will++ MP+9 Dex+4}
 58828 | Zig:14   | Entered Level 14 of a ziggurat
 58867 | Zig:14   | Identified the ring of Duhostrumay {Wiz rN+ Dex-4 SInv}
 58873 | Zig:14   | Identified the +7 great sword "Giantbane" {venom, Drain rN+
                  | Dex+3}
 58888 | Zig:14   | Identified the +9 whip of the Distant Future {heavy, rElec
                  | rPois MP-9 Str+3}
 58894 | Zig:15   | Entered Level 15 of a ziggurat
 58932 | Zig:15   | Identified the +3 orcbow "Noitorchi" {flame, *Corrode rPois
                  | Int+4}
 58948 | Zig:15   | Identified the +0 leather armour of Sif Muna, Bashing
                  | {rElec rPois rF- rN+++}
 58954 | Zig:15   | Gained mutation: You are weak. (Str -2) [potion of
                  | mutation]
 58954 | Zig:15   | Gained mutation: You have large cloven feet. [potion of
                  | mutation]
 58955 | Zig:15   | Lost mutation: You are weak. (Str -2) [potion of mutation]
 58955 | Zig:15   | Lost mutation: You have large cloven feet. [potion of
                  | mutation]
 58955 | Zig:15   | Gained mutation: You passively map a small area around you.
                  | [potion of mutation]
 58955 | Zig:15   | Gained mutation: Your flesh is cold resistant. (rC+)
                  | [potion of mutation]
 58969 | Zig:16   | Identified the of Onokiradd
 58969 | Zig:16   | Entered Level 16 of a ziggurat
 59061 | Zig:16   | Identified the +7 rapier of Non Obstante Veredicto
                  | {protect, rElec rC+ Int+3 Dex-3}
 59065 | Zig:17   | Identified the "Honuzogg"
 59065 | Zig:17   | Identified the of Eche
 59065 | Zig:17   | Entered Level 17 of a ziggurat
 59080 | Zig:17   | Reached skill level 5 in Armour
 59100 | Zig:17   | Identified the +11 morningstar of Eternal Harmony {flame,
                  | Will++ Int+2}
 59101 | Zig:17   | Identified the +7 shadow dragon scales of Ozxarphini {Int+5
                  | Stlth++++}
 59135 | Zig:17   | Acquired a +2 quick blade of flaming
 59143 | Zig:18   | Identified the "Yqym"
 59143 | Zig:18   | Identified the "Rymmetao"
 59143 | Zig:18   | Entered Level 18 of a ziggurat
 59168 | Zig:18   | Found the +0 mask of the Dragon {Will+ Slay+3 SInv}
 59205 | Zig:19   | Entered Level 19 of a ziggurat
 59216 | Zig:19   | Learned a level 9 spell: Shatter
 59226 | Zig:19   | Noticed Lanuub the pandemonium lord
 59230 | Zig:19   | Killed Lanuub the pandemonium lord
 59246 | Zig:19   | Found the +1 cloak of Starlight {*Dazzle EV+4 Stlth--}
 59263 | Zig:19   | Identified the staff of Rioruako {rElec rPois Will+ Air}
 59272 | Zig:19   | Identified the +5 great mace "Secret Weapon" {heavy, *Slow
                  | rC++ Dex+4}
 59283 | Zig:20   | Entered Level 20 of a ziggurat
 59299 | Zig:20   | Reached skill level 15 in Earth Magic
 59321 | Zig:20   | Found the +3 greatsling "Punk" {acid, rCorr}
 59338 | Zig:20   | Identified the +1 falchion "Ettuobru" {drain, Dex+2}
 59340 | Zig:20   | Identified the ring "Ihian Juklu" {Fire Int+3}
 59355 | Zig:20   | Identified the +0 great mace of the Slashing Madman {elec,
                  | *Noise rPois rF+ rCorr}
 59379 | Zig:21   | Identified the of Dadie
 59379 | Zig:21   | Entered Level 21 of a ziggurat
 59421 | Zig:21   | Found the +12 glaive of Prune {freeze, Prune}
 59442 | Zig:21   | Identified the +1 acid dragon scales of Pearipif {rCorr
                  | Int+8 Dex-2}
 59444 | Zig:21   | Identified the +0 robe of Bidatzun {rCorr Str+6 Dex-4}
 59471 | Zig:22   | Identified the "Ruthoesu"
 59471 | Zig:22   | Entered Level 22 of a ziggurat
 59641 | Zig:22   | Identified the +3 robe "Leoxy" {rElec rF+}
 59647 | Zig:22   | Identified the +0 buckler of Polish {rN+}
 59652 | Zig:22   | Identified the +8 whip of Ambiguity {heavy, rF+ SInv}
 59660 | Zig:22   | Identified the +5 chain mail of Wukhaor {rPois Str+7 Int-5}
 59663 | Zig:22   | Identified the ring "Sinoceapeph" {rElec rCorr Stlth+}
 59664 | Zig:22   | Identified the ring of Xom's Full Attention {rF+ AC+4
                  | Str+2}
 59683 | Zig:23   | Identified the "Rebishru Apip"
 59683 | Zig:23   | Entered Level 23 of a ziggurat
 59696 | Zig:23   | Reached skill level 15 in Fighting
 59799 | Zig:23   | Identified the +1 broad axe of Lies {heavy, MP+9 Dex+2}
 59800 | Zig:23   | Identified the +2 ring mail of Udu Zaibb {Harm rF+ Slay-4}
 59810 | Zig:23   | Identified the +12 plate armour "Weajys" {-Tele Int+6}
 59817 | Zig:23   | Identified the staff "Axetuwio" {rC+ Str+3 Ice}
 59825 | Zig:23   | Identified the +6 quarterstaff "Qouzazeo" {freeze, rF+
                  | Str+3 Dex+3}
 59861 | Zig:24   | Entered Level 24 of a ziggurat
 59932 | Zig:24   | Identified the +1 buckler of the Slug {Drain rPois Will+
                  | MP+9}
 59957 | Zig:24   | Identified the ring of Gean {Fire rN+ Int-3 Slay+2}
 59959 | Zig:24   | Identified the +0 ring mail of Autotheism {Slay+2}
 59964 | Zig:24   | Identified the ring of Zin's Scorn {rC+ Will+}
 59974 | Zig:24   | Identified the +5 falchion of Gin and Tonic {freeze, rCorr
                  | Str+5}
 59975 | Zig:24   | Identified the staff of Optimality {rElec Int+5 Dex+3 Air}
 59976 | Zig:24   | Identified the +10 dagger of Eternity {holy, rC+}
 59986 | Zig:25   | Entered Level 25 of a ziggurat
 60022 | Zig:25   | Paralysed by an air elemental for 1 turns
 60103 | Zig:25   | Found the +8 demon blade "Leech" {evervamp, Harm Drain rN+}
 60113 | Zig:25   | Identified the staff "Lifebane" {rF+ Str+5 Dex-3 Tloc Fire}
 60125 | Zig:25   | Identified the +3 halberd of Disaster {freeze, Fragile
                  | Str+4}
 60130 | Zig:25   | Identified the +3 troll leather armour "Dest" {Rampage
                  | Regen+}
 60140 | Zig:26   | Identified the "Deiwaruargh"
 60140 | Zig:26   | Identified the "Puze"
 60140 | Zig:26   | Entered Level 26 of a ziggurat
 60153 | Zig:26   | Reached skill level 10 in Armour
 60165 | Zig:26   | Reached skill level 15 in Dodging
 60187 | Zig:26   | Found the +8 frozen axe "Frostbite" {freeze, freezing
                  | cloud, *Noise Fly rC+}
 60191 | Zig:26   | Identified the +6 dagger of Hilats {venom, rF+ Str+3}
 60216 | Zig:26   | Identified the amulet of Fauwk {RegenMP rPois Dex+2 Slay-4}
 60229 | Zig:26   | Identified the +7 scimitar of Greed {spect, Stlth+}
 60237 | Zig:26   | Identified the +1 quarterstaff "Kuwuur" {flame, Stlth+}
 60249 | Zig:27   | Entered Level 27 of a ziggurat
 60264 | Zig:27   | Reached skill level 27 in Spellcasting
 60329 | Zig:27   | Identified the ring of Iqaerini {Int+4 Dex+3 Slay+2 SInv}
 60330 | Zig:27   | Identified the orb of the Feral Alphagorgon {guile, rPois}
 60331 | Zig:27   | Identified the ring of Vyudd {*Slow rElec rF+ MP+9 Int+5}
 60337 | Zig:27   | Identified the +0 ring mail "Fipo" {rPois rF+ Int+3}
 60339 | Zig:27   | Identified the amulet "Ganwec" {Acrobat Harm Rampage rElec
                  | Regen+}
 60340 | Zig:27   | Identified the ring "Vemuklu Ilosm" {rF+ Will+}
 60350 | Zig:27   | Identified the +2 morningstar of Viejufi {chaos, rPois
                  | Int+3}
 60381 | Zig:27   | Upgraded the game from 0.31-a0-1017-g7cb12e4 to
                  | 0.31-a0-1024-gf85fca5
 60596 | Crypt:1  | Entered Level 1 of the Crypt
 60881 | Crypt:2  | Identified the ring of Kanoduom {rF+ Slay+4}
 60885 | Crypt:2  | Found a transporter.
 60886 | Crypt:2  | Found a transporter.
 60904 | Crypt:2  | Identified the scarf of Gravitas {repulsion, rF+}
 60905 | Crypt:2  | Identified the +2 shortbow of Conscience {antimagic, *Slow
                  | Will+ Dex+2}
 60922 | Crypt:3  | Entered Level 3 of the Crypt
 60976 | Crypt:3  | Noticed Xtahua
 60977 | Crypt:3  | Noticed a dread lich
 60979 | Crypt:3  | Killed a dread lich
 60979 | Crypt:3  | Killed Xtahua
 61111 | Crypt:3  | Found an ancient bone altar of Kikubaaqudgha.
 61242 | Crypt:3  | Found a staircase to the Tomb.
 61266 | Tomb:1   | Entered Level 1 of the Tomb of the Ancients
 61269 | Tomb:1   | Noticed Boris
 61270 | Tomb:1   | Noticed Mennas
 61272 | Tomb:1   | Killed Boris
 61272 | Tomb:1   | Killed Mennas
 61298 | Tomb:1   | Noticed a royal mummy
 61300 | Tomb:1   | Noticed a royal mummy
 61304 | Tomb:1   | Noticed a royal mummy
 61305 | Tomb:1   | Killed a royal mummy
 61307 | Tomb:1   | Noticed a royal mummy
 61308 | Tomb:1   | Noticed a royal mummy
 61310 | Tomb:1   | Killed a royal mummy
 61311 | Tomb:1   | Killed a royal mummy
 61311 | Tomb:1   | Noticed a royal mummy
 61311 | Tomb:1   | Noticed a royal mummy
 61312 | Tomb:1   | Killed a royal mummy
 61312 | Tomb:1   | Killed a royal mummy
 61313 | Tomb:1   | Noticed a royal mummy
 61316 | Tomb:1   | Killed a royal mummy
 61318 | Tomb:1   | Killed a royal mummy
 61318 | Tomb:1   | Killed a royal mummy
 61322 | Tomb:1   | Noticed a royal mummy
 61324 | Tomb:1   | Noticed a royal mummy
 61325 | Tomb:1   | Killed a royal mummy
 61327 | Tomb:1   | Noticed a royal mummy
 61328 | Tomb:1   | Killed a royal mummy
 61331 | Tomb:1   | Killed a royal mummy
 61513 | Tomb:1   | Noticed a royal mummy
 61519 | Tomb:1   | Killed a royal mummy
 61525 | Tomb:1   | Noticed a royal mummy
 61530 | Tomb:1   | Killed a royal mummy
 61558 | Tomb:1   | Noticed a royal mummy
 61566 | Tomb:1   | Noticed a royal mummy
 61569 | Tomb:1   | Killed a royal mummy
 61569 | Tomb:1   | Killed a royal mummy
 61572 | Tomb:1   | Noticed a royal mummy
 61574 | Tomb:1   | Killed a royal mummy
 61652 | Tomb:2   | Noticed a royal mummy
 61652 | Tomb:2   | Noticed a royal mummy
 61652 | Tomb:2   | Noticed a royal mummy
 61652 | Tomb:2   | Noticed a royal mummy
 61658 | Tomb:2   | Killed a royal mummy
 61658 | Tomb:2   | Killed a royal mummy
 61659 | Tomb:2   | Reached skill level 5 in Shields
 61662 | Tomb:2   | Noticed Boris
 61663 | Tomb:2   | Killed a royal mummy
 61664 | Tomb:2   | Killed Boris
 61665 | Tomb:2   | Killed a royal mummy
 61883 | Tomb:3   | Entered Level 3 of the Tomb of the Ancients
 61895 | Tomb:3   | Noticed a royal mummy
 61899 | Tomb:3   | Noticed a royal mummy
 61902 | Tomb:3   | Killed a royal mummy
 61909 | Tomb:3   | Killed a royal mummy
 61911 | Tomb:3   | Noticed a royal mummy
 61915 | Tomb:3   | Killed a royal mummy
 61915 | Tomb:3   | Noticed a royal mummy
 61920 | Tomb:3   | Killed a royal mummy
 61945 | Tomb:3   | Noticed a royal mummy
 61947 | Tomb:3   | Noticed a royal mummy
 61948 | Tomb:3   | Noticed a royal mummy
 61949 | Tomb:3   | Killed a royal mummy
 61951 | Tomb:3   | Killed a royal mummy
 61951 | Tomb:3   | Killed a royal mummy
 61951 | Tomb:3   | Noticed a royal mummy
 61955 | Tomb:3   | Killed a royal mummy
 61962 | Tomb:3   | Got a golden rune of Zot
 62007 | Tomb:3   | Identified the scarf "Zeyxuumn" {rC+ rF+, Harm Dex+6}
 62047 | Tomb:3   | Identified the +9 rapier of Arpheucw {pain, Contam rF+
                  | Will++ SInv}
 62050 | Tomb:3   | Identified the +6 bardiche of Integrity {heavy, rElec rC-
                  | rN+ Str+3}
 62057 | Tomb:3   | Identified the +3 war axe "Wois" {drain, rN++ rCorr Str+3
                  | Stlth+}
 62067 | Tomb:3   | Identified the amulet "Behyat" {Acrobat Fly rC++}
 62083 | Tomb:3   | Identified the +1 chain mail "Camu" {Will+}
 62539 | D:8      | Killed wqsa789's ghost
 62665 | D:11     | Killed plsesad's ghost
 62814 | Lair:3   | Killed Etikoup's ghost
 63067 | Pan      | Entered Pandemonium
 63190 | Pan      | Noticed Marhegh the pandemonium lord
 63196 | Pan      | Killed Marhegh the pandemonium lord
 63358 | Pan      | Noticed Suihuo the pandemonium lord
 63361 | Pan      | Killed Suihuo the pandemonium lord
 63381 | Pan      | Noticed Ignacio
 63385 | Pan      | Killed Ignacio
 63677 | Pan      | Noticed Hixkeuxo the pandemonium lord
 63680 | Pan      | Killed Hixkeuxo the pandemonium lord
 63737 | Pan      | Noticed Quuwkie the pandemonium lord
 63740 | Pan      | Killed Quuwkie the pandemonium lord
 63750 | Pan      | Identified the "Sapu"
 63750 | Pan      | Entered the realm of Cerebov.
 63758 | Pan      | Found an exit through the horrors of the Abyss.
 63836 | Pan      | Identified the ring of Iroan {rC+ Int+4 Dex-5 SInv}
 63872 | Pan      | Identified the +7 great mace "Osiqiraf" {speed, Dex+3}
 63872 | Pan      | Found the +6 sword of Cerebov {flame}
 63872 | Pan      | Noticed Cerebov
 63884 | Pan      | Killed Cerebov
 63907 | Pan      | Identified the +5 halberd of Quick Death {venom, Dex+5}
 63907 | Pan      | Identified the ring "Coasukef" {Ice Int+6}
 64070 | Pan      | Identified the +0 robe "Qeawuv" {rElec}
 64094 | Pan      | Got a fiery rune of Zot
 64172 | Pan      | Identified the +0 helmet "Uvutruhits" {rPois}
 64174 | Pan      | Identified the +0 scale mail "Huwkelopp" {rPois Slay+3}
 64256 | Pan      | Noticed Qithryalu the pandemonium lord
 64259 | Pan      | Entered the realm of Mnoleg.
 64259 | Pan      | Noticed Mnoleg
 64263 | Pan      | Killed Mnoleg
 64274 | Pan      | Got a glowing rune of Zot
 64322 | Pan      | Entered the realm of Gloorx Vloq.
 64333 | Pan      | Noticed Gloorx Vloq
 64337 | Pan      | Killed Gloorx Vloq
 64364 | Pan      | Got a dark rune of Zot
 64499 | Pan      | Entered the realm of Lom Lobon.
 64712 | Pan      | Noticed Lom Lobon
 64721 | Pan      | Killed Lom Lobon
 64740 | Pan      | Got a magical rune of Zot
 64811 | Pan      | Identified the "Weipotetz"
 64842 | Pan      | Noticed Kaiboxeck the pandemonium lord
 64843 | Pan      | Killed Kaiboxeck the pandemonium lord
 64891 | Pan      | Got a demonic rune of Zot
 64908 | Depths:2 | Escaped Pandemonium
 65010 | Depths:3 | Voluntarily entered the Abyss.
 65010 | Abyss:1  | Found a corrupted altar of Lugonu.
 65080 | Abyss:2  | Found a corrupted altar of Lugonu.
 65093 | Abyss:2  | Found a corrupted altar of Lugonu.
 65093 | Abyss:2  | Found a corrupted altar of Lugonu.
 65107 | Depths:3 | Escaped the Abyss
 65109 | Depths:3 | Voluntarily entered the Abyss.
 65120 | Abyss:2  | Found a corrupted altar of Lugonu.
 65144 | Abyss:2  | Noticed an ancient lich
 65146 | Abyss:2  | Killed an ancient lich
 65356 | Abyss:2  | Noticed a dread lich
 65359 | Abyss:2  | Killed a dread lich
 65366 | Depths:3 | Escaped the Abyss
 65407 | Depths:3 | Voluntarily entered the Abyss.
 65486 | Abyss:2  | Noticed a dread lich
 65488 | Abyss:2  | Killed a dread lich
 65513 | Abyss:2  | Found a corrupted altar of Lugonu.
 65513 | Abyss:2  | Found a corrupted altar of Lugonu.
 65513 | Abyss:2  | Found a corrupted altar of Lugonu.
 65653 | Abyss:4  | Found a corrupted altar of Lugonu.
 65667 | Abyss:4  | Found a corrupted altar of Lugonu.
 65667 | Abyss:4  | Found a corrupted altar of Lugonu.
 65672 | Abyss:4  | Got an abyssal rune of Zot
 65732 | Abyss:4  | Found a corrupted altar of Lugonu.
 65767 | Depths:3 | Escaped the Abyss
 65861 | Hell     | Entered the Vestibule of Hell
 65863 | Hell     | Noticed Geryon
 65867 | Hell     | Killed Geryon
 66021 | Hell     | Upgraded the game from 0.31-a0-1024-gf85fca5 to
                  | 0.31-a0-1027-gfb7600b
 66113 | Hell     | Reached skill level 27 in Dodging
 66124 | Hell     | Found a gateway to the ashen valley of Gehenna.
 66189 | Hell     | Found a gateway to the decaying netherworld of Tartarus.
 66278 | Hell     | Found a gateway to the freezing wastes of Cocytus.
 66380 | Hell     | Found a gateway to the Iron City of Dis.
 66531 | Geh:1    | Entered Level 1 of Gehenna
 66750 | Geh:3    | You fall into a shaft and drop 1 floor!
 66752 | Geh:4    | Noticed an ancient lich
 66753 | Geh:4    | Killed an ancient lich
 67085 | Geh:7    | Entered Level 7 of Gehenna
 67248 | Geh:7    | Identified the ring "Myihubyl" {rC++ Dex+6}
 67429 | Geh:7    | Reached skill level 5 in Short Blades
 67432 | Geh:7    | Identified the +2 robe of the Thunderstorm {Regen+ rCorr
                  | MP-9 Str+8}
 67759 | Geh:7    | Noticed the Serpent of Hell
 67762 | Geh:7    | Killed the Serpent of Hell
 67826 | Geh:7    | Found the +13 sceptre of Asmodeus
 67826 | Geh:7    | Noticed Asmodeus
 67832 | Geh:7    | Killed Asmodeus
 67846 | Geh:7    | Got an obsidian rune of Zot
 68002 | Dis:1    | Entered Level 1 of the Iron City of Dis
 68135 | Dis:3    | Noticed a dread lich
 68138 | Dis:3    | Killed a dread lich
 68139 | Dis:3    | Reached skill level 5 in Stealth
 68215 | Dis:4    | Found a huge runed gate.
 68218 | Dis:4    | Found a huge runed gate.
 68228 | Dis:4    | Reached skill level 10 in Short Blades
 68230 | Dis:4    | Found a huge runed gate.
 68232 | Dis:4    | Found a huge runed gate.
 68370 | Dis:4    | Found a huge runed gate.
 68370 | Dis:4    | Found a huge runed gate.
 68371 | Dis:4    | Found a huge runed gate.
 68371 | Dis:4    | Found a huge runed gate.
 68372 | Dis:4    | Found a huge runed gate.
 68372 | Dis:4    | Found a huge runed gate.
 68374 | Dis:4    | Found a huge runed gate.
 68374 | Dis:4    | Found a huge runed gate.
 68375 | Dis:4    | Found a huge runed gate.
 68376 | Dis:4    | Found a huge runed gate.
 68377 | Dis:4    | Found a huge runed gate.
 68536 | Dis:6    | Reached skill level 27 in Fighting
 68672 | Dis:7    | Entered Level 7 of the Iron City of Dis
 68680 | Dis:7    | Reached skill level 10 in Stealth
 68795 | Dis:7    | Identified the +3 leather armour of Crawling {Dex+3}
 68799 | Dis:7    | Identified the staff of Nieneon {rF+ Stlth+ Fire}
 68816 | Dis:7    | Noticed a juggernaut
 68819 | Dis:7    | Killed a juggernaut
 69036 | Dis:7    | Noticed a juggernaut
 69038 | Dis:7    | Killed a juggernaut
 69088 | Dis:7    | Noticed a juggernaut
 69090 | Dis:7    | Killed a juggernaut
 69118 | Dis:7    | Learned a level 1 spell: Apportation
 69176 | Dis:7    | Got an iron rune of Zot
 69289 | Coc:1    | Entered Level 1 of Cocytus
 69305 | Coc:1    | Reached skill level 15 in Stealth
 69309 | Coc:1    | Paralysed by a wendigo for 1 turns
 69481 | Coc:4    | Reached skill level 1 in Unarmed Combat
 69490 | Coc:4    | Paralysed by a wendigo for 1 turns
 69530 | Coc:5    | Reached skill level 5 in Unarmed Combat
 69577 | Coc:6    | Paralysed by a wendigo for 1 turns
 69626 | Coc:7    | Entered Level 7 of Cocytus
 69627 | Coc:7    | Paralysed by a wendigo for 1 turns
 69641 | Coc:7    | Noticed an ancient lich
 69643 | Coc:7    | Killed an ancient lich
 69699 | Coc:7    | Reached skill level 10 in Unarmed Combat
 69830 | Coc:7    | Identified the staff "Jellybane" {rElec rF- rN+ Dex+5
                  | Stlth+ Air}
 70075 | Coc:7    | Identified the ring "Nuenimiu" {rPois SInv}
 70075 | Coc:7    | Noticed Antaeus
 70106 | Coc:7    | Killed Antaeus
 70195 | Coc:7    | Got an icy rune of Zot
 70308 | Tar:1    | Entered Level 1 of Tartarus
 70781 | Tar:5    | Reached skill level 15 in Unarmed Combat
 71329 | Tar:7    | Entered Level 7 of Tartarus
 71347 | Tar:7    | Noticed a dread lich
 71348 | Tar:7    | Killed a dread lich
 71355 | Tar:7    | Noticed a dread lich
 71357 | Tar:7    | Killed a dread lich
 71556 | Tar:7    | Found the macabre finger necklace {Finger+ rN+}
 71570 | Tar:7    | Identified the +6 falchion of Devotion {flame, +Blink
                  | Str+2}
 71601 | Tar:7    | Identified the +7 dagger of Compassion {antimagic, Dex+2}
 71689 | Tar:7    | Identified the +5 glaive "Orhaarr" {heavy, rPois rC- Int+3
                  | SInv}
 71717 | Tar:7    | Noticed a dread lich
 71720 | Tar:7    | Killed a dread lich
 71735 | Tar:7    | Noticed an ancient lich
 71738 | Tar:7    | Killed an ancient lich
 71774 | Tar:7    | Reached skill level 15 in Short Blades
 71784 | Tar:7    | Got a bone rune of Zot
 71908 | Zot:1    | Entered Level 1 of the Realm of Zot
 72313 | Zot:3    | Identified the ring "Coafoz" {Ice Int+2}
 72313 | Zot:3    | Noticed Josephina
 72314 | Zot:3    | Killed Josephina
 72362 | Zot:4    | Noticed an orb of fire
 72364 | Zot:4    | Killed an orb of fire
 72387 | Zot:5    | Entered Level 5 of the Realm of Zot
 72506 | Zot:5    | Noticed an ancient lich
 72508 | Zot:5    | Killed an ancient lich
 72525 | Zot:5    | Noticed an orb of fire
 72528 | Zot:5    | Killed an orb of fire
 72629 | Zot:5    | Noticed an orb of fire
 72647 | Zot:5    | Killed an orb of fire
 72873 | Zot:5    | Noticed an orb of fire
 72880 | Zot:5    | Killed an orb of fire
 73031 | Zot:5    | Noticed an orb of fire
 73034 | Zot:5    | Killed an orb of fire
 73051 | Zot:5    | Noticed an orb of fire
 73054 | Zot:5    | Killed an orb of fire
 73177 | Zot:5    | Got the Orb of Zot
 73266 | Zot:2    | Noticed Puikel the pandemonium lord
 73269 | Zot:2    | Killed Puikel the pandemonium lord
 73532 | D:12     | Noticed Ryxzifyll the pandemonium lord
 73740 | D:$      | Escaped with the Orb!

Illustrated notes

Levels and vault maps discovered:
D:1:      lemuel_arrival_tunnels, layout_basic
D:2:      layout_loops_ring, basic_altar
D:3:      layout_rooms, nicolae_overflow_crystal_walls,
          hellmonk_ecumenical_altar_run_dry, kennysheep_cross_room,
          skrybe_limestone_x
D:4:      layout_basic, demons_altar, mainiacjoe_overflow_divided_tiny,
          minmay_temple_entry_ruins, minmay_crystal_room
D:5:      layout_basic, nicolae_qazlal_general_emergency, ashenzari_altar_1,
          pf_guarded_unrand_woodcutter
D:6:      layout_loops_ring, hellmonk_overflow_destroyed_library,
          lemuel_coloured_pillars_altar, serial_aquarium,
          aquarium_bridge_long_separate [aquarium_subvault_wall,
          aquarium_subvault_wall, aquarium_subvault_bridge,
          aquarium_subvault_balcony, aquarium_subvault_bridge,
          aquarium_subvault_bridge], aquarium_window_fake,
          aquarium_window_corridor_3, aquarium_window_1, aquarium_window_1,
          aquarium_view_2c
D:7:      corexii_shantytown, layout_loops_cross, nemelex_diamond_rough_becter,
          kennysheep_decorative_pillar, minmay_misc_feat_roman, uniq_joseph
D:8:      layout_basic, lemuel_mausoleum_altar_kikubaaqudgha,
          hellmonk_ghost_happy_afterlife, uniq_amaemon
D:9:      layout_big_octagon, mainiacjoe_overflow_catwalk,
          mainiacjoe_overflow_boulevard, minmay_lair_entry_grove,
          serial_column_ruins, column_ruins_hut_pillars, column_ruins_open_tiny,
          column_ruins_grid_1, column_ruins_grid_1, roderic_st_hans_cross,
          eino_jars, uniq_pikel
D:10:     minmay_evil_eye, layout_loops_ring,
          nicolae_wu_jian_immortal_techniques, lemuel_zombie_altar_yredelemnul,
          minmay_crystal_water
D:11:     layout_roguey, maelrawn_ghost_gauntlet_escape, serial_shops,
          nicolae_shop_getting_attention
D:12:     layout_rooms, orc_david_3, hangedman_aviary, uniq_snorg
D:13:     layout_basic, hangedman_decor_diamond_cutter, uniq_nessos
D:14:     layout_basic, erik_vaults_2, chequers_garden,
          hellmonk_okawaru_the_only_friend_you_need
D:15:     grunt_enter_depths_snipers, layout_loops_cross, tso_metal_star,
          uniq_kirke
Temple:   nicolae_temple_great_sept
Lair:1:   layout_layer_cave, minivault_26, grunt_megastairs_4,
          lemuel_fruit_fields, infiniplex_staircase_pool_2
Lair:2:   layout_gridlike, spider_nest_entry_funnel_web, pond, uniq_sonja
Lair:3:   layout_gridlike, minmay_shoals_entry_centaurs,
          ebering_ghost_inner_flame, pdpol_lair_cabin_in_the_woods
Lair:4:   layout_regular_city, nicolae_slime_entry_field_trip,
          nicolae_quartered_pool_little, serial_bayou_shore_b,
          lemuel_fruit_fields, grunt_megastairs_2, lemuel_fruit_fields
Lair:5:   hangedman_lair_caniforms_friends, layout_gridlike,
          hangedman_lair_tendril_chambers, nicolae_volcano_entry_hallway
Shoals:1: layout_shoals, serial_shops, nicolae_shop_crystal
Shoals:2: layout_shoals, nicolae_shoals_drake_roost
Shoals:3: layout_shoals, nicolae_shoals_undead_eyrie, uniq_mlioglotl,
          uniq_nikola
Shoals:4: shoals_end_hellmonk_storm_palace [storm_palace_center_circular,
          storm_palace_corner_reverse_hut, storm_palace_corner_narrow,
          storm_palace_corner_pillars, storm_palace_corner_reverse_hut],
          uniq_polyphemus
Spider:1: layout_spider_delve
Spider:2: layout_spider_delve, nicolae_spider_some_kinda_spiderbox
Spider:3: layout_chambers, nicolae_spider_eight_legs
Spider:4: guppyfry_spider_rune
Slime:1:  cheibrodos_slime_lost_civilization_10, layout_caves
Slime:2:  layout_caves
Slime:3:  cheibrodos_slime_lost_civilization_3, layout_caves
Slime:4:  layout_caves
Slime:5:  slime_pit_nicolae_inversion, uniq_dissolution
Orc:1:    layout_diamond_mine, einodemon_barbed_minivault
Orc:2:    grunt_orc_gardens, layout_caves, grunt_orc_garden, grunt_orc_garden,
          grunt_orc_garden, grunt_orc_garden, gauntlet_entry_generic,
          basic_altar, uniq_rupert
Elf:1:    elf_arrival_002, layout_loops_corners, serial_shops,
          nicolae_shop_rolled_up, evilmike_minifort, uniq_donald
Elf:2:    nicolae_elf_blades_splatter_lattice
          [nicolae_vaults_blade_armed_guards], layout_geoelf_grid,
          minmay_shop_grove
Elf:3:    minmay_elf_hall_spiked, layout_geoelf_octagon, minmay_shop_star
Vaults:1: nicolae_vaults_security_offices_5, v_misc_30,
          hangedman_vaults_restitches, nicolae_vaults_doubleplus_tesselated,
          nicolae_vaults_trapezoid_3, nicolae_vaults_tetromino_Z_1,
          nicolae_vaults_yaktaur_gun_rack, nicolae_vaults_more_shelving_1,
          nicolae_vaults_hallways_thing, hangedman_vaults_impose,
          vaults_room_hallway, grunt_vaults_hallway_short,
          nicolae_vaults_surprise_closet, layout_vaults_chaotic_city
Vaults:2: nicolae_vaults_diamond_1, minmay_crypt_entry_vampire_xt,
          nicolae_vaults_border_crossing, nicolae_vaults_diamond_2,
          nicolae_vaults_weapon_check, hangedman_vaults_variations,
          nicolae_vaults_network_s, nicolae_vaults_trapezoid_lopsided_4,
          nicolae_vaults_lightning_bolt, nicolae_vaults_surprise_closet,
          nicolae_vaults_storage_room_glass, nicolae_vaults_security_offices_2,
          serial_ice_b, hangedman_vaults_maws, layout_vaults_omnibox,
          serial_shops, shop
Vaults:3: grunt_vaults_hallway_short, vaults_dpeg_emergency_exit, v_rooms_6,
          nicolae_vaults_diamond_1, ontoclasm_vaults_tryst,
          nicolae_vaults_meiosis, nicolae_vaults_minivaults, v_pattern_4,
          v_misc_23, vaults_mumra_hex, nicolae_vaults_sesquioval_fish,
          vaults_dpeg_ring, layout_vaults_omnicross, uniq_boris
Vaults:4: gammafunk_ghost_smash, nicolae_vaults_rhombus_5,
          nicolae_vaults_storage_closets_1, nicolae_vaults_network_periphery,
          nicolae_vaults_alarming, vaults_room_hallway, wander_protected_by_tso,
          nicolae_vaults_closet_pinwheel_1, nicolae_vaults_network_quinsquares
          [nicolae_vaults_network_quincunx_subvault,
          nicolae_vaults_network_quincunx_subvault,
          nicolae_vaults_network_quincunx_subvault,
          nicolae_vaults_network_quincunx_subvault], ontoclasm_vaults_spin,
          nicolae_vaults_tetromino_L_1, grunt_vaults_hallway_long,
          nicolae_vaults_angled_halls, nicolae_vaults_diagonal_hallway_6,
          layout_vaults_maze_snakey
Vaults:5
Crypt:1:  layout_misc_corridors, ebering_ghost_rock_garden
Crypt:2:  gammafunk_sealed_arena, layout_rooms
Crypt:3:  cryptofortress_bobbens, uniq_xtahua
Tomb:1:   uniq_mennas
Tomb:2
Tomb:3
Depths:1: layout_cave_shapes, hellmouth_3, kennysheep_generic_room_9,
          grunt_megastairs_3, uniq_saint_roka
Depths:2: minmay_imperfect_grid, layout_gridville, enter_ziggurat_f,
          rand_demon_pan_entry_8, nrook_campfire, pf_coc_iceberg,
          minmay_staircase_statues
Depths:3: minmay_heptahexagon, layout_basic, serial_shops, bzr_entry_islet,
          abyss_entry, ebering_dispersal_statue_hall, hell_entry,
          infiniplex_staircase_spiral, uniq_norris
Depths:4: lemuel_castle_with_subvaults [lemuel_castle_interior_carwin_2],
          layout_small_grid, hangedman_geh_valley, solitary_fountain
Hell
Dis:1:    layout_subdivisions
Dis:2:    layout_jigsaw
Dis:3:    layout_subdivisions, nicolae_dis_grated_feature
Dis:4:    layout_regular_city, door_vault
Dis:5:    layout_subdivisions, nicolae_hells_hurtin_island
Dis:6:    layout_jigsaw, evilmike_ambush [evilmike_ambush_outer_basic,
          evilmike_ambush_inner_pond]
Dis:7:    dis_grunt_layers
Geh:1:    layout_gehenna_lava_caves
Geh:2:    nicolae_hells_demon_pit, layout_gehenna_lava_caves
Geh:3:    layout_gehenna_lava_caves
Geh:4:    layout_gehenna_pools_triple, special_room [special_room_morgue]
Geh:5:    layout_gehenna_lava_caves
Geh:6:    layout_gehenna_pools_box
Geh:7:    geh_hangedman
Coc:1:    layout_ice_bergs
Coc:2:    layout_ice_bergs
Coc:3:    layout_cocytus_water_paths
Coc:4:    layout_cocytus_delve
Coc:5:    nooodl_cocytus_jagged_cave
Coc:6:    nicolae_coc_on_the_berg
Coc:7:    coc_grunt
Tar:1:    layout_cathedral_of_symmetry
Tar:2:    nicolae_tar_intersect_combbox, layout_cathedral_of_symmetry
Tar:3:    layout_grid_maze
Tar:4:    layout_catacombs, nicolae_tar_cuneiform_bread,
          nicolae_tar_honey_chapel
Tar:5:    layout_cathedral_of_symmetry, nicolae_tar_combbox
Tar:6:    layout_grid_maze
Tar:7:    tar_grunt_cathedral
Zot:1:    hellmonk_paralyzer, layout_gridlike, gammafunk_ghost_berserking_beasts
Zot:2:    lemuel_acid_trip, layout_onion_interference
Zot:3:    layout_twisted_circle, uniq_josephina
Zot:4:    layout_cathedral_of_symmetry, gammafunk_ghost_cemetery,
          hangedman_zot_wheel_spokes, hellmonk_greenhouse_of_terror
Zot:5:    layout_misc_corridors

Skill      XL: |  1  2  3  4  5  6  7  8  9 10 11 12 13 14 15 16 17 18 19 20 21 22 23 24 25 26 27 |
---------------+----------------------------------------------------------------------------------+-----
Spellcasting   | 1 2 3 5 7 10 12 14 15 16 17 18 20 22 24 25 27 | 27.0
Fighting       | 1 2 4 6 7 9 10 12 27 | 27.0
Short Blades   | 1 2 17 | 17.5
Air Magic      | 1 3 4 7 10 14 19 21 | 21.0
Conjurations   | 1 6 10 12 15 16 17 18 19 20 22 | 22.0
Fire Magic     | 1 7 11 13 17 19 20 21 22 | 22.0
Dodging        | 5 7 10 12 27 | 27.0
Shields        | 4 8 |  8.0
Necromancy     | 4 6 |  6.0
Armour         | 4 14 | 14.0
Earth Magic    | 2 3 8 10 21 | 21.0
Shapeshifting  | 6 16 23 | 23.0
Stealth        | 25 | 25.0
Unarmed Combat | 17 | 17.7
Evocations     | |  3.2

Action                     |  1- 3 |  4- 6 |  7- 9 | 10-12 | 13-15 | 16-18 | 19-21 | 22-24 | 25-27 || total
---------------------------+-------+-------+-------+-------+-------+-------+-------+-------+-------++-------
  Melee: Dagger            |   134 |    90 |     1 |       |       |       |       |       |       ||   225
         Punch             |     1 |       |       |       |       |       |       |       |       ||     1
         Battleaxe         |       |       |    51 |     9 |       |       |       |       |       ||    60
         Staff             |       |       |       |       |     2 |       |       |       |     8 ||    10
         Quick blade       |       |       |       |       |       |       |       |       |   143 ||   143
   Fire: Sling             |   111 |    64 |       |       |       |       |       |       |       ||   175
  Throw: Dart              |       |     3 |       |       |       |       |       |       |       ||     3
   Cast: Shock             |       |    54 |   161 |   249 |   182 |       |       |       |       ||   646
         Airstrike         |       |     2 |    38 |    70 |    41 |       |       |       |       ||   151
         Swiftness         |       |       |     1 |       |       |       |       |       |       ||     1
         Iskenderun's Batt |       |       |    25 |    83 |    57 |       |       |       |       ||   165
         Mephitic Cloud    |       |       |       |     3 |       |       |       |       |       ||     3
         Ignite Poison     |       |       |       |     2 |       |       |       |       |       ||     2
         Orb of Destructio |       |       |       |    23 |    68 |    39 |    17 |     1 |     7 ||   155
         Iskenderun's Myst |       |       |       |    26 |    21 |    35 |    42 |    12 |    33 ||   169
         Starburst         |       |       |       |       |   133 |     9 |       |       |       ||   142
         Irradiate         |       |       |       |       |     1 |       |       |       |       ||     1
         Fireball          |       |       |       |       |    78 |   326 |    61 |     7 |    48 ||   520
         Fire Storm        |       |       |       |       |       |    46 |   257 |    93 |   734 ||  1130
         Ignition          |       |       |       |       |       |    36 |    14 |     3 |    28 ||    81
         Sublimation of Bl |       |       |       |       |       |     7 |     6 |     3 |     9 ||    25
         Lehudib's Crystal |       |       |       |       |       |       |       |       |   199 ||   199
         Shatter           |       |       |       |       |       |       |       |       |   762 ||   762
         Chain Lightning   |       |       |       |       |       |       |       |       |   157 ||   157
         Apportation       |       |       |       |       |       |       |       |       |     3 ||     3
Ability: Begin Untransform |       |       |       |       |       |       |       |       |    13 ||    13
  Evoke: Wand              |     8 |    10 |     2 |     3 |     8 |       |       |       |     4 ||    35
    Use: Scroll            |       |    11 |    15 |    10 |    13 |    10 |     5 |       |    41 ||   105
         Potion            |       |     1 |     2 |       |     2 |     2 |     6 |     4 |    28 ||    45
   Stab: Sleeping          |       |     1 |     2 |       |       |       |       |       |     8 ||    11
         Confused          |       |       |       |     4 |       |       |       |       |       ||     4
 Armour: Leather armour    |     2 |    18 |    54 |    79 |    14 |       |    16 |       |       ||   183
         Ring mail         |    67 |    46 |       |       |       |       |       |       |       ||   113
         Skin              |       |     3 |       |       |       |       |       |       |       ||     3
         Robe              |       |       |       |       |    87 |    33 |     2 |       |       ||   122
         Troll leather arm |       |       |       |       |       |       |    12 |    15 |   334 ||   361
  Dodge: Dodged            |    58 |    67 |    90 |    86 |   110 |    30 |    19 |    10 |   259 ||   729
  Block: Buckler           |       |       |       |       |    23 |     8 |     6 |     3 |    93 ||   133
   Form: Death             |       |       |       |       |       |       |       |       |    14 ||    14
         Storm             |       |       |       |       |       |       |       |       |     1 ||     1

Table legend: (Time is in decaauts)
 A = Elapsed time spent in this place.
 B = Non-inter-level travel time spent in this place.
 C = Inter-level travel time spent in this place.
 D = Time resting spent in this place.
 E = Time spent auto-exploring this place.
 F = Levels seen in this place.
 G = Mean time per level.
                   A        B        C        D        E       F      G
               +--------+--------+--------+--------+--------+-----+--------+
         Total |  74089 |  69346 |   4743 |  12740 |  33153 | 138 |  536.9 |
       Dungeon |  24100 |  22205 |   1895 |   5221 |  10793 |  15 | 1606.7 |
        Temple |     24 |     24 |      0 |      0 |      0 |   1 |   24.0 |
          Lair |   9077 |   8434 |    643 |   1040 |   5839 |   5 | 1815.4 |
        Shoals |   3364 |   3210 |    154 |    394 |   1989 |   4 |  841.0 |
   Spider Nest |   3285 |   3170 |    115 |    180 |   2364 |   4 |  821.2 |
    Slime Pits |   1117 |   1019 |     98 |    225 |    413 |   5 |  223.4 |
  Orcish Mines |   1784 |   1670 |    114 |    369 |    898 |   2 |  892.0 |
   Elven Halls |   3578 |   3395 |    183 |    378 |   2089 |   3 | 1192.7 |
        Vaults |   7545 |   6771 |    774 |    269 |   4937 |   5 | 1509.0 |
         Crypt |    927 |    853 |     74 |    304 |     14 |   3 |  309.0 |
          Tomb |    841 |    811 |     30 |     33 |      0 |   3 |  280.3 |
        Depths |   4672 |   4171 |    501 |    407 |   2613 |   4 | 1168.0 |
          Hell |    988 |    971 |     17 |    243 |    405 |   1 |  988.0 |
           Dis |   1142 |   1110 |     32 |    468 |     55 |   7 |  163.1 |
       Gehenna |   1410 |   1410 |      0 |    411 |     59 |   7 |  201.4 |
       Cocytus |    977 |    977 |      0 |    263 |     74 |   7 |  139.6 |
      Tartarus |   1371 |   1282 |     89 |    393 |    207 |   7 |  195.9 |
           Zot |   1418 |   1399 |     19 |    515 |      0 |   5 |  283.6 |
         Abyss |    725 |    725 |      0 |     34 |      0 |   7 |  103.6 |
   Pandemonium |   1803 |   1803 |      0 |    339 |    202 |  13 |  138.7 |
      Ziggurat |   2542 |   2542 |      0 |    671 |     53 |  27 |   94.1 |
        Bazaar |    127 |    127 |      0 |      0 |     82 |   1 |  127.0 |
       Volcano |    627 |    627 |      0 |    327 |     22 |   1 |  627.0 |
      Gauntlet |    635 |    635 |      0 |    254 |     40 |   1 |  635.0 |
               +--------+--------+--------+--------+--------+-----+--------+

Top non-repeatable levels by time:
    D:14: 3022 daAuts
  Lair:5: 2742 daAuts
     D:5: 2313 daAuts
    D:11: 1862 daAuts
     D:9: 1806 daAuts
     D:8: 1801 daAuts
  Lair:2: 1763 daAuts
Vaults:5: 1761 daAuts
     D:4: 1742 daAuts
  Lair:1: 1707 daAuts
    D:12: 1656 daAuts
Vaults:4: 1609 daAuts
Vaults:1: 1592 daAuts
   Elf:3: 1535 daAuts
  Lair:3: 1524 daAuts
